Workbook

Sheet A.1
C2: ALOKASI PEMBAGIAN DAN PENYALURAN DANA OTONOMI KHUSUS
C3: ANTARA PROVINSI DAN KABUPATEN/KOTA ATAU NAMA LAIN
C4: TAHUN ANGGARAN 2019
C5: PROVINSI : PAPUA
C6: PENERIMAAN : Rp 5.850.230.158.000,00 | M6: Tabel A.1
C9: NO. | D9: U R A I A N | E9: PERMINTAAN PENYALURAN TAHAP I | H9: PERMINTAAN PENYALURAN TAHAP II | K9: PERMINTAAN PENYALURAN TAHAP I | N9: KET
E10: ALOKASI ANGGARAN (Rp. ) | G10: PROSENTASE ALOKASI ANGGARAN ( % ) | H10: ALOKASI ANGGARAN (Rp.) | I10: REALISASI PENYALURAN (Rp.) | J10: PROSENTASE REALISASI PENYALURAN (%) | K10: ALOKASI ANGGARAN (Rp.) | L10: REALISASI PENYALURAN (Rp.) | M10: PROSENTASE REALISASI PENYALURAN (%)
C12: (1) | D12: (2) | E12: (3) | G12: (4) | H12: (5) | I12: (6) | J12: (7) | K12: (3) | L12: (4) | M12: (5) | N12: (6)
C15: I. | D15: PROVINSI PAPUA | E15: 389351314600 | F15: 5850230158000 | G15: =E15/F15*100 -> 6.6553162 | H15: =+E15 -> 389351314600 | I15: =0.3*E15 -> 116805394380 | J15: =+I15/H15*100 -> 30 | K15: =H15 -> 389351314600 | L15: =+K15 -> 389351314600 | M15: =L15/K15*100 -> 100
C16: II. | D16: KABUPATEN/KOTA | E16: =SUM(E17:E45) -> 1.5574053e+12 | F16: 5850230158000 | G16: =E16/F16*100 -> 26.621265 | H16: =SUM(H17:H45) -> 1.5574053e+12 | I16: =0.3*E16 -> 4.6722158e+11 | J16: =+I16/H16*100 -> 30 | K16: =H16 -> 1.5574053e+12 | L16: =+K16 -> 1.5574053e+12 | M16: =L16/K16*100 -> 100
D17: 1. KABUPATEN MERAUKE | E17: 4.8495887e+10 | F17: 5850230158000 | G17: =E17/F17*100 -> 0.82895691 | H17: 4.8495887e+10 | I17: =0.3*E17 -> 1.4548766e+10 | J17: =+I17/H17*100 -> 30 | K17: =H17 -> 4.8495887e+10 | L17: =+K17 -> 4.8495887e+10 | M17: =L17/K17*100 -> 100
D18: 2. KABUPATEN JAYAWIJAYA | E18: 5.1356988e+10 | F18: 5850230158000 | G18: =E18/F18*100 -> 0.87786268 | H18: 5.1356988e+10 | I18: =0.3*E18 -> 1.5407096e+10 | J18: =+I18/H18*100 -> 30 | K18: =H18 -> 5.1356988e+10 | L18: =+K18 -> 5.1356988e+10 | M18: =L18/K18*100 -> 100
D19: 3. KABUPATEN JAYAPURA | E19: 4.6073464e+10 | F19: 5850230158000 | G19: =E19/F19*100 -> 0.78754959 | H19: 4.6073464e+10 | I19: =0.3*E19 -> 1.3822039e+10 | J19: =+I19/H19*100 -> 30 | K19: =H19 -> 4.6073464e+10 | L19: =+K19 -> 4.6073464e+10 | M19: =L19/K19*100 -> 100
D20: 4. KABUPATEN NABIRE | E20: 4.5756973e+10 | F20: 5850230158000 | G20: =E20/F20*100 -> 0.78213971 | H20: 4.5756973e+10 | I20: =0.3*E20 -> 1.3727092e+10 | J20: =+I20/H20*100 -> 30 | K20: =H20 -> 4.5756973e+10 | L20: =+K20 -> 4.5756973e+10 | M20: =L20/K20*100 -> 100
D21: 5. KABUPATEN KEP. YAPEN | E21: 4.5992775e+10 | F21: 5850230158000 | G21: =E21/F21*100 -> 0.78617036 | H21: 4.5992775e+10 | I21: =0.3*E21 -> 1.3797833e+10 | J21: =+I21/H21*100 -> 30 | K21: =H21 -> 4.5992775e+10 | L21: =+K21 -> 4.5992775e+10 | M21: =L21/K21*100 -> 100
D22: 6. KABUPATEN BIAK NUMFOR | E22: 3.2258637e+10 | F22: 5850230158000 | G22: =E22/F22*100 -> 0.55140799 | H22: 3.2258637e+10 | I22: =0.3*E22 -> 9.677591e+09 | J22: =+I22/H22*100 -> 30 | K22: =H22 -> 3.2258637e+10 | L22: =+K22 -> 3.2258637e+10 | M22: =L22/K22*100 -> 100
D23: 7. KABUPATEN PANIAI | E23: 6.4189783e+10 | F23: 5850230158000 | G23: =E23/F23*100 -> 1.0972181 | H23: 6.4189783e+10 | I23: =0.3*E23 -> 1.9256935e+10 | J23: =+I23/H23*100 -> 30 | K23: =H23 -> 6.4189783e+10 | L23: =+K23 -> 6.4189783e+10 | M23: =L23/K23*100 -> 100
D24: 8. KABUPATEN PUNCAK JAYA | E24: 6.4622624e+10 | F24: 5850230158000 | G24: =E24/F24*100 -> 1.1046168 | H24: 6.4622624e+10 | I24: =0.3*E24 -> 1.9386787e+10 | J24: =+I24/H24*100 -> 30 | K24: =H24 -> 6.4622624e+10 | L24: =+K24 -> 6.4622624e+10 | M24: =L24/K24*100 -> 100
D25: 9. KABUPATEN MIMIKA | E25: 3.1309837e+10 | F25: 5850230158000 | G25: =E25/F25*100 -> 0.53518983 | H25: 3.1309837e+10 | I25: =0.3*E25 -> 9.392951e+09 | J25: =+I25/H25*100 -> 30 | K25: =H25 -> 3.1309837e+10 | L25: =+K25 -> 3.1309837e+10 | M25: =L25/K25*100 -> 100
D26: 10. KABUPATEN BOVEN DIGOEL | E26: 5.9981998e+10 | F26: 5850230158000 | G26: =E26/F26*100 -> 1.025293 | H26: 5.9981998e+10 | I26: =0.3*E26 -> 1.7994599e+10 | J26: =+I26/H26*100 -> 30 | K26: =H26 -> 5.9981998e+10 | L26: =+K26 -> 5.9981998e+10 | M26: =L26/K26*100 -> 100
D27: 11. KABUPATEN MAPPI | E27: 6.1685777e+10 | F27: 5850230158000 | G27: =E27/F27*100 -> 1.0544162 | H27: 6.1685777e+10 | I27: =0.3*E27 -> 1.8505733e+10 | J27: =+I27/H27*100 -> 30 | K27: =H27 -> 6.1685777e+10 | L27: =+K27 -> 6.1685777e+10 | M27: =L27/K27*100 -> 100
D28: 12. KABUPATEN ASMAT | E28: 6.1939362e+10 | F28: 5850230158000 | G28: =E28/F28*100 -> 1.0587509 | H28: 6.1939362e+10 | I28: =0.3*E28 -> 1.8581808e+10 | J28: =+I28/H28*100 -> 30 | K28: =H28 -> 6.1939362e+10 | L28: =+K28 -> 6.1939362e+10 | M28: =L28/K28*100 -> 100
... D45: 29. KOTA JAYAPURA | E45: 31867021099 | F45: 5850230158000 | G45: =E45/F45*100 -> 0.54471397 | H45: 31867021099 | I45: =0.3*E45 -> 9.5601063e+09 | J45: =+I45/H45*100 -> 30 | K45: =H45 -> 31867021099 | L45: =+K45 -> 31867021099 | M45: =L45/K45*100 -> 100
C46: III | D46: URUSAN BERSAMA | E46: =SUM(E47:E67) -> 3861473585000 | F46: 5850230158000 | G46: =+E46/F46*100 -> 66.005499 | H46: =SUM(H47:H67) -> 3861473585000 | I46: =0.3*E46 -> 1158442075500 | J46: =+I46/H46*100 -> 30 | K46: =SUM(K47:K67) -> 3903473585000 | L46: =+K46 -> 3903473585000 | M46: =L46/K46*100 -> 100
D47: DINAS PENDIDIKAN | E47: 1033246526900 | F47: 5850230158000 | G47: =E47/F47*100 -> 17.661639 | H47: 1033246526900 | I47: =0.3*E47 -> 309973958070 | J47: =+I47/H47*100 -> 30 | K47: =H47+42000000000 -> 1075246526900 | L47: =+K47 -> 1075246526900 | M47: =L47/K47*100 -> 100
D48: DINAS KESEHATAN | E48: 156991000000 | F48: 5850230158000 | G48: =E48/F48*100 -> 2.6835013 | H48: 156991000000 | I48: =0.3*E48 -> 47097300000 | J48: =+I48/H48*100 -> 30 | K48: =H48 -> 156991000000 | L48: =+K48 -> 156991000000 | M48: =L48/K48*100 -> 100
D49: RUMAS SAKIT UMUM DAERAH JAYAPURA | E49: 291000000000 | F49: 5850230158000 | G49: =E49/F49*100 -> 4.9741633 | H49: 291000000000 | I49: =0.3*E49 -> 87300000000 | J49: =+I49/H49*100 -> 30 | K49: =H49 -> 291000000000 | L49: =+K49 -> 291000000000 | M49: =L49/K49*100 -> 100
D50: RUMAH SAKIT UMUM DAERAH ABEPURA | E50: 140000000000 | F50: 5850230158000 | G50: =E50/F50*100 -> 2.3930682 | H50: 140000000000 | I50: =0.3*E50 -> 42000000000 | J50: =+I50/H50*100 -> 30 | K50: =H50 -> 140000000000 | L50: =+K50 -> 140000000000 | M50: =L50/K50*100 -> 100
D51: RUMA SAKIT JIWA ABEPURA | E51: 50000000000 | F51: 5850230158000 | G51: =E51/F51*100 -> 0.85466723 | H51: 50000000000 | I51: =0.3*E51 -> 15000000000 | J51: =+I51/H51*100 -> 30 | K51: =H51 -> 50000000000 | L51: =+K51 -> 50000000000 | M51: =L51/K51*100 -> 100
D52: BADAN KESATUAN BANGSA DAN POLITIK | E52: 10000000000 | F52: 5850230158000 | G52: =E52/F52*100 -> 0.17093345 | H52: 10000000000 | I52: =0.3*E52 -> 3000000000 | J52: =+I52/H52*100 -> 30 | K52: =H52 -> 10000000000 | L52: =+K52 -> 10000000000 | M52: =L52/K52*100 -> 100
D53: DINAS SOSIAL, KEPENDUDUKAN DAN CATATAN SIPIL | E53: 1000000000 | F53: 5850230158000 | G53: =E53/F53*100 -> 0.017093345 | H53: 1000000000 | I53: =0.3*E53 -> 300000000 | J53: =+I53/H53*100 -> 30 | K53: =H53 -> 1000000000 | L53: =+K53 -> 1000000000 | M53: =L53/K53*100 -> 100
D54: DINAS KOMUNIKASI DAN INFORMATIKA | E54: 6328812000 | F54: 5850230158000 | G54: =E54/F54*100 -> 0.10818056 | H54: 6328812000 | I54: =0.3*E54 -> 1898643600 | J54: =+I54/H54*100 -> 30 | K54: =H54 -> 6328812000 | L54: =+K54 -> 6328812000 | M54: =L54/K54*100 -> 100
D55: DINAS KOPERASI, USAHA KECIL DAN MENENGAH' | E55: 5000000000 | F55: 5850230158000 | G55: =E55/F55*100 -> 0.085466723 | H55: 5000000000 | I55: =0.3*E55 -> 1500000000 | J55: =+I55/H55*100 -> 30 | K55: =H55 -> 5000000000 | L55: =+K55 -> 5000000000 | M55: =L55/K55*100 -> 100
D56: DINAS PEMUDA DAN OLAHRAGA | E56: 665934875510 | F56: 5850230158000 | G56: =E56/F56*100 -> 11.383054 | H56: 665934875510 | I56: =0.3*E56 -> 199780462653 | J56: =+I56/H56*100 -> 30 | K56: =H56 -> 665934875510 | L56: =+K56 -> 665934875510 | M56: =L56/K56*100 -> 100
D57: DINAS KELAUTAN DAN PERIKANAN | E57: 8000000000 | F57: 5850230158000 | G57: =E57/F57*100 -> 0.13674676 | H57: 8000000000 | I57: =0.3*E57 -> 2400000000 | J57: =+I57/H57*100 -> 30 | K57: =H57 -> 8000000000 | L57: =+K57 -> 8000000000 | M57: =L57/K57*100 -> 100
D58: DINAS PARIWISATA | E58: 5000000000 | F58: 5850230158000 | G58: =E58/F58*100 -> 0.085466723 | H58: 5000000000 | I58: =0.3*E58 -> 1500000000 | J58: =+I58/H58*100 -> 30 | K58: =H58 -> 5000000000 | L58: =+K58 -> 5000000000 | M58: =L58/K58*100 -> 100
D59: DINAS TANAMAN PANGAN DAN HOLTIKULTURA | E59: 10000000000 | F59: 5850230158000 | G59: =E59/F59*100 -> 0.17093345 | H59: 10000000000 | I59: =0.3*E59 -> 3000000000 | J59: =+I59/H59*100 -> 30 | K59: =H59 -> 10000000000 | L59: =+K59 -> 10000000000 | M59: =L59/K59*100 -> 100
... D67: BPKAD (BTL) | E67: 1129203534590 | F67: 5850230158000 | G67: =E67/F67*100 -> 19.301865 | H67: 1129203534590 | I67: =0.3*E67 -> 338761060377 | J67: =+I67/H67*100 -> 30 | K67: =H67 -> 1129203534590 | L67: =+K67 -> 1129203534590 | M67: =L67/K67*100 -> 100
D68: JUMLAH | E68: =+E46+E16+E15 -> 5808230158000 | F68: 5580152407000 | G68: =E68/E68*100 -> 100 | H68: =+H15+H16+H46 -> 5808230158000 | I68: =+I15+I16+I46 -> 1742469047400 | J68: =I68/H68*100 -> 30 | K68: =+K15+K16+K46 -> 5850230158000 | L68: =+L15+L16+L46 -> 5850230158000 | M68: =L68/K68*100 -> 100

Sheet Sheet1
B3: REKAPITULASI REVIU LAP OTSUS TA 2019
B4: KABUPATEN DAN KOTA SE-PROV PAPUA
B6: PROVINSI PAPUA
B7: 1. KABUPATEN MERAUKE
B8: 2. KABUPATEN JAYAWIJAYA
B9: 3. KABUPATEN JAYAPURA
B10: 4. KABUPATEN NABIRE
B11: 5. KABUPATEN KEP. YAPEN
B12: 6. KABUPATEN BIAK NUMFOR
B13: 7. KABUPATEN PANIAI
B14: 8. KABUPATEN PUNCAK JAYA
B15: 9. KABUPATEN MIMIKA
... B35: 29. KOTA JAYAPURA

Sheet A.2
C1: ALOKASI PEMBAGIAN DAN PENYALURAN DANA OTONOMI KHUSUS
C2: ANTARA PROVINSI DAN KABUPATEN/KOTA ATAU NAMA LAIN
C3: TAHUN ANGGARAN 2020
C5: PROVINSI : PAPUA
C6: PENERIMAAN : Rp5.288.694.844,00 | M6: Tabel A.2
C9: NO. | D9: U R A I A N | E9: PERMINTAAN PENYALURAN TAHAP I | H9: PERMINTAAN PENYALURAN TAHAP II | K9: PERMINTAAN PENYALURAN TAHAP III | N9: KET
E10: ALOKASI ANGGARAN (Rp. ) | G10: PROSENTASE ALOKASI ANGGARAN ( % ) | H10: ALOKASI ANGGARAN (Rp.) | I10: REALISASI PENYALURAN (Rp.) | J10: PROSENTASE REALISASI PENYALURAN (%) | K10: ALOKASI ANGGARAN (Rp.) | L10: REALISASI PENYALURAN (Rp.) | M10: PROSENTASE REALISASI PENYALURAN (%)
C12: (1) | D12: (2) | E12: (3) | G12: (4) | H12: (5) | I12: (6) | J12: (7) | K12: (8) | L12: (9) | M12: (10) | N12: (11)
C14: I. | D14: PROVINSI PAPUA | E14: =+A.4!E14 -> 389351314600 | F14: 5861910600000 | G14: =E14/F14*100 -> 6.6420548
C15: II. | D15: KABUPATEN/KOTA | E15: =SUM(E16:E44) -> 1.5574053e+12 | F15: 5861910600000 | G15: =E15/F15*100 -> 26.568219
D16: 1. KABUPATEN MERAUKE | E16: 4.8495887e+10 | F16: 5861910600000 | G16: =E16/F16*100 -> 0.82730513
D17: 2. KABUPATEN JAYAWIJAYA | E17: 5.1356988e+10 | F17: 5861910600000 | G17: =E17/F17*100 -> 0.87611346
D18: 3. KABUPATEN JAYAPURA | E18: 4.6073464e+10 | F18: 5861910600000 | G18: =E18/F18*100 -> 0.78598032
D19: 4. KABUPATEN NABIRE | E19: 4.5756973e+10 | F19: 5861910600000 | G19: =E19/F19*100 -> 0.78058122
D20: 5. KABUPATEN KEP. YAPEN | E20: 4.5992775e+10 | F20: 5861910600000 | G20: =E20/F20*100 -> 0.78460383
D21: 6. KABUPATEN BIAK NUMFOR | E21: 3.2258637e+10 | F21: 5861910600000 | G21: =E21/F21*100 -> 0.55030926
D22: 7. KABUPATEN PANIAI | E22: 6.4189783e+10 | F22: 5861910600000 | G22: =E22/F22*100 -> 1.0950318
D23: 8. KABUPATEN PUNCAK JAYA | E23: 6.4622624e+10 | F23: 5861910600000 | G23: =E23/F23*100 -> 1.1024157
D24: 9. KABUPATEN MIMIKA | E24: 3.1309837e+10 | F24: 5861910600000 | G24: =E24/F24*100 -> 0.53412341
D25: 10. KABUPATEN BOVEN DIGOEL | E25: 5.9981998e+10 | F25: 5861910600000 | G25: =E25/F25*100 -> 1.02325
D26: 11. KABUPATEN MAPPI | E26: 6.1685777e+10 | F26: 5861910600000 | G26: =E26/F26*100 -> 1.0523152
D27: 12. KABUPATEN ASMAT | E27: 6.1939362e+10 | F27: 5861910600000 | G27: =E27/F27*100 -> 1.0566412
... D44: 29. KOTA JAYAPURA | E44: 31867021099 | F44: 5861910600000 | G44: =E44/F44*100 -> 0.54362858
C45: III | D45: URUSAN BERSAMA | E45: =SUM(E46:E58) -> 3341938271000 | F45: 5861910600000 | G45: =+E45/F45*100 -> 57.011075
D46: DINAS PENDIDIKAN | E46: 976929140000 | F46: 5861910600000 | G46: =E46/F46*100 -> 16.665712
D47: DINAS KESEHATAN | E47: =+A.4!E3545 -> 92991000000 | F47: 5861910600000 | G47: =E47/F47*100 -> 1.5863599
D48: RUMAS SAKIT UMUM DAERAH JAYAPURA | E48: =+A.4!E3552 -> 200000000000 | F48: 5861910600000 | G48: =E48/F48*100 -> 3.4118569
D49: RUMAH SAKIT UMUM DAERAH ABEPURA | E49: =+A.4!E3583 -> 141700000000 | F49: 5861910600000 | G49: =E49/F49*100 -> 2.4173006
D50: RUMA SAKIT JIWA ABEPURA | E50: =+A.4!E3595 -> 52250000000 | F50: 5861910600000 | G50: =E50/F50*100 -> 0.89134761
D51: =+A.4!D3615 -> Dinas Olah Raga dan Pemuda | E51: =+A.4!E3615 -> 39070860000 | F51: 5861910600000 | G51: =E51/F51*100 -> 0.66652091
D52: Dinas Kebudayaan dan Pariwisata | E52: 5000000000 | F52: 5861910600000 | G52: =E52/F52*100 -> 0.085296422
D53: Dinas Kelautan dan Perikanan | E53: 8000000000 | F53: 5861910600000 | G53: =E53/F53*100 -> 0.13647428
D54: Dinas Pertanian dan Pangan | E54: 32000000000 | F54: 5861910600000 | G54: =E54/F54*100 -> 0.5458971
D55: Dinas Kehutanan dan Lingkungan Hidup | E55: 8000000000 | F55: 5861910600000 | G55: =E55/F55*100 -> 0.13647428
D56: Dinas Perindustrian, Perdagangan, Koperasi, Usaha Kecil Menengah dan Tenaga Kerja | E56: 32154027000 | F56: 5861910600000 | G56: =E56/F56*100 -> 0.54852469
D57: SEKRETARIAT MRP | E57: 232400000000 | F57: 5861910600000 | G57: =E57/F57*100 -> 3.9645777
D58: SATUAN KERJA PENGELOLA KEUANGANCDAERAH ( BPKAD (BTL) | E58: 1521443244000 | F58: 5861910600000 | G58: =E58/F58*100 -> 25.954733
D59: JUMLAH | E59: =+E14+E15+E45 -> 5288694844000 | F59: 5861910600000 | G59: =E59/E59*100 -> 100

Sheet A.3
C3: REKAPITULASI ALOKASI DAN REALISASI PENGGUNAAN DANA OTONOMI KHUSUS
C4: DIURAIKAN BERDASARKAN, ORGANISASI, PROGRAM/KEGIATAN PROVINSI DAN KABUPATEN/KOTA ATAU NAMA LAIN
C5: TAHUN ANGGARAN 2019
C7: PROVINSI : PAPUA | H7: Tabel A.3
C8: PENERIMAAN : Rp 5.850.230.158.000,00
C10: NO. | D10: U R A I A N | E10: PERMINTAAN PENYALURAN TAHAP I | I10: KET
E11: ALOKASI ANGGARAN (Rp.) | F11: REALISASI ANGGARAN (Rp.) | G11: PROSENTASE REALISASI ANGGARAN (%) | H11: CAPAIAN OUTPUT ( %)
C12: (1) | D12: (2) | E12: (3) | F12: (4) | G12: (5) | H12: (6) | I12: (7)
C15: A | D15: PROVINSI | E15: =+E16+E55+E144+E159+E174+E185+E206+E217+E226+E241+E261+E277+E292+E307+E321+E328+E337+E343 -> 389351314600 | F15: =+F16+F55+F144+F159+F174+F185+F206+F217+F226+F241+F261+F277+F292+F307+F321+F328+F337+F343 -> 3.4885767e+11 | G15: =+F15/E15*100 -> 89.599716 | H15: =(H16+H55+H144+H159+H174+H185+H206+H217+H226+H241+H261+H277+H292+H307+H321+H328+H337+H343)/18 -> 94.144396
D16: Dinas Pendidikan | E16: =+E17+E25+E27+E33+E36+E45 -> 97490000000 | F16: 92808762732 | G16: =+F16/E16*100 -> 95.198239 | H16: =(H17+H25+H27+H33+H36+H45)/6 -> 85.205357
D17: Program Pendidikan Menengah Atas | E17: =+E18+E19+E20+E21+E22+E23+E24 -> 25533038150 | F17: 23493410295 | G17: =+F17/E17*100 -> 92.011809 | H17: =SUM((H18:H24))/7 -> 97.857143
D18: Lomba Debat Bahasa Inggris, Bahasa Indonesia dan Bahasa Jerman | E18: 545200000 | F18: 545200000 | G18: =+F18/E18*100 -> 100 | H18: =+G18 -> 100
D19: Lomba Kompetensi Siswa SMA Tingkat Prov dan Tk.Nasional | E19: 400000000 | F19: 390000000 | G19: =+F19/E19*100 -> 97.5 | H19: 100
D20: Pengadaan mebeluer sekolah | E20: 520000000 | F20: 516932800 | G20: =+F20/E20*100 -> 99.410154 | H20: 100
D21: Pembangunan Ruang Kelas Baru (SMA) | E21: 3776105220 | F21: 3695575000 | G21: =+F21/E21*100 -> 97.867374 | H21: 100
D22: DAK Reguler SMA ( Utang TA 2017) | E22: 17515982930 | F22: 15843510695 | G22: =+F22/E22*100 -> 90.451736 | H22: 100
D23: Lomba Kompetensi Siswa SMA | E23: 1731250000 | F23: 1551150000 | G23: =+F23/E23*100 -> 89.597112 | H23: 90
D24: Pendidikan Pengelolaan Dana Pendidikan SMA dan SMK | E24: 1044500000 | F24: 951041800 | G24: =+F24/E24*100 -> 91.05235 | H24: 95
D25: Program Peningkatan Mutu Pendidik dan Tenaga Kependidikan | E25: 2349300000 | F25: 2152500000 | G25: =+F25/E25*100 -> 91.623037 | H25: 95
D26: Pelaksanaan sertifikasi pendidik | E26: 2349300000 | F26: 2152500000 | G26: =+F26/E26*100 -> 91.623037 | H26: 95
D27: Program Manajemen Pelayanan Pendidikan | E27: 52655056280 | F27: 52612230250 | G27: =+F27/E27*100 -> 99.918667 | H27: 100
D28: Pelaksanaan evaluasi hasil kinerja bidang pendidikan | E28: 243100000 | F28: 237386400 | G28: =+F28/E28*100 -> 97.649691 | H28: 100
D29: Penerapan sistem dan informasi manajemen pendidikan | E29: 1245800000 | F29: 1237544800 | G29: =+F29/E29*100 -> 99.337358 | H29: 100
D30: Pelaksanaan Rapat Kerja Teknis | E30: 943700000 | F30: 915078300 | G30: =+F30/E30*100 -> 96.967076 | H30: 100
D31: Biaya Operasi Sekolah | E31: 50022456280 | F31: 50022240750 | G31: =+F31/E31*100 -> 99.999569 | H31: =+G31 -> 99.999569
D32: Pengelolaan Buletin/Majalah Pendidikan Papua | E32: 200000000 | F32: 199980000 | G32: =+F32/E32*100 -> 99.99 | H32: 100
D33: Program Peningkatan SDM Pendidikan Tinggi | E33: 530000000 | F33: 477142000 | G33: =+F33/E33*100 -> 90.026792 | H33: 50
D34: Beasiswa Pendidikan Pascasarjana (S2) | E34: 50000000 | F34: 0 | G34: =+F34/E34*100 -> 0 | H34: =+G34 -> 0
D35: Pembangunan Asrama Putri STT GIDI STAKIN Sentani | E35: 480000000 | F35: 477142000 | G35: =+F35/E35*100 -> 99.404583 | H35: 100
D36: Program Pendidikan Khusus dan Layanan Khusus | E36: 5187467070 | F36: 4704206704 | G36: =+F36/E36*100 -> 90.684078 | H36: =SUM((H37:H44))/8 -> 79.625
D37: Makan dan Minum Siswa SMA N 3 dan SMANKOR | E37: 6000000 | F37: 0 | G37: =+F37/E37*100 -> 0 | H37: =+G37 -> 0
D38: Fasilitasi lomba O2SN SD tk Provinsi | E38: 1802567070 | F38: 1635890000 | G38: =+F38/E38*100 -> 90.75335 | H38: 92
D39: Pengadaan dan Pembelian Buku Panduan Kurikulum Muatan Lokal | E39: 1000000000 | F39: 1000000000 | G39: =+F39/E39*100 -> 100 | H39: =+G39 -> 100
D40: Sosialisasi Pendidikan Inklusif | E40: 290000000 | F40: 216710500 | G40: =+F40/E40*100 -> 74.727759 | H40: 75
D41: Biaya Seleksi Siswa di 29 Kabupaten/Kota | E41: 313200000 | F41: 313200000 | G41: =+F41/E41*100 -> 100 | H41: =+G41 -> 100
D42: Fasilitasi Kegiatan PON XX Tahun 2020 | E42: 535000000 | F42: 535000000 | G42: =+F42/E42*100 -> 100 | H42: =+G42 -> 100
D43: Revitalisasi KPG Papua | E43: 443200000 | F43: 388601100 | G43: =+F43/E43*100 -> 87.680754 | H43: 90
D44: Sosialisasi Paradigma Kurikulum Holistik Terintegratif Jenjang SMA/SMK | E44: 797500000 | F44: 614805104 | G44: =+F44/E44*100 -> 77.091549 | H44: 80
D45: Program Pendidikan Menengah Kejuruan | E45: 11235138500 | F45: 9369273483 | G45: =+F45/E45*100 -> 83.392594 | H45: =SUM((H46:H53))/8 -> 88.75
D46: Pembangunan Sarana dan Prasarana Olahraga SMK | E46: 4336200000 | F46: 3749550000 | G46: =+F46/E46*100 -> 86.470873 | H46: 90
D47: Lomba O2SN SMK | E47: 346500000 | F47: 346270790 | G47: =+F47/E47*100 -> 99.93385 | H47: 100
D48: Lomba FLS2N SMK | E48: 297900000 | F48: 293847200 | G48: =+F48/E48*100 -> 98.639543 | H48: 100
D49: Praktek kerja industri siswa | E49: 1165500000 | F49: 1165039200 | G49: =+F49/E49*100 -> 99.960463 | H49: 100
D50: Pengadaan peralatan Praktek SMK | E50: 1580738500 | F50: 1579738500 | G50: =+F50/E50*100 -> 99.936738 | H50: 100
D51: Penyediaan Biaya Aplikasi Travel SMK Pariwisata di 6 Sekolah | E51: 1454400000 | F51: 242512316 | G51: =+F51/E51*100 -> 16.674389 | H51: 20
D52: Pengembangan unit Produksi untuk SMK | E52: 724400000 | F52: 721819277 | G52: =+F52/E52*100 -> 99.643743 | H52: 100
D53: Bimtek K13 Berbasis Spektrum SMK | E53: 1329500000 | F53: 1270496200 | G53: =+F53/E53*100 -> 95.561956 | H53: 100
D55: Dinas Kesehatan | E55: 69470000000 | F55: 5.8371e+10 | G55: =+F55/E55*100 -> 84.023319 | H55: =(H56+H59+H70+H76+H78+H84+H86+H88+H91+H103+H105+H107+H109+H113+H115+H127+H133+H136)/18 -> 83.297811
D56: Program Pelayanan Administrasi Perkantoran | E56: 4169210000 | F56: 3768102542 | G56: =+F56/E56*100 -> 90.379293 | H56: =185/2 -> 92.5
D57: Penyediaan jasa komunikasi, sumber daya air dan listrik | E57: 1624450000 | F57: 1320322822 | G57: =+F57/E57*100 -> 81.278145 | H57: 85
D58: Penyediaan jasa kebersihan kantor | E58: 2544760000 | F58: 2447779720 | G58: =+F58/E58*100 -> 96.189021 | H58: 100
D59: Program Obat dan Perbekalan Kesehatan | E59: 6745531225 | F59: 4342866305 | G59: =+F59/E59*100 -> 64.381383 | H59: =SUM((H60:H69))/10 -> 62.3
D60: Peningkatan mutu pelayanan farmasi komunitas dan rumah sakit | E60: 403375800 | F60: 222265700 | G60: =+F60/E60*100 -> 55.101397 | H60: 60
D61: Pengiriman dan Relokasi Obat buffer stok dan program provinsi ke Kab dan 14 titik terisolir | E61: 2300000000 | F61: 2161165875 | G61: =+F61/E61*100 -> 93.963734 | H61: 95
D62: Monitoring pemanfaatan buffer stock di GFK/RS/PKM dan pos obat kampung serta evaluasi hasil magang tenaga GF kab/kota | E62: 338814000 | F62: 288474072 | G62: =+F62/E62*100 -> 85.142312 | H62: 90
D63: Pengadaan obat buffer stock provinsi | E63: 1681552000 | F63: 888973010 | G63: =+F63/E63*100 -> 52.866222 | H63: 55
D64: Pengadaan obat-obatan untuk program HIV/AIDS | E64: 471779000 | F64: 12950000 | G64: =+F64/E64*100 -> 2.7449293 | H64: 5
D65: Pengadaan Obat-obatan Program P2M | E65: 488144000 | F65: 293116000 | G65: =+F65/E65*100 -> 60.047035 | H65: 60
D66: Pengadaan logistik Non Oat Provinsi Papua | E66: 480602000 | F66: 6000000 | G66: =+F66/E66*100 -> 1.2484343 | H66: 3
D67: Pengadaan reagen IMS Provinsi Papua | E67: 123178800 | F67: 113200000 | G67: =+F67/E67*100 -> 91.898931 | H67: 95
D68: Pengelolaan Perbekalan Farmasi/Gudang Obat Buffer Stock Provinsi | E68: 165100000 | F68: 117099875 | G68: =+F68/E68*100 -> 70.926635 | H68: 75
D69: Peningkatan Kapasitas SDM Kefarmasian di Apotek | E69: 292985625 | F69: 239621773 | G69: =+F69/E69*100 -> 81.786188 | H69: 85
D70: Program Upaya Kesehatan Masyarakat | E70: 6535791200 | F70: 3911679708 | G70: =+F70/E70*100 -> 59.850133 | H70: =SUM((H71:H75))/5 -> 71
D71: Peningkatan pelayanan dan penanggulangan masalah kesehatan | E71: 3670000000 | F71: 1862236126 | G71: =+F71/E71*100 -> 50.742129 | H71: 55
D72: penyediaan biaya operasional dan pemeliharaan | E72: 1764461200 | F72: 1216460350 | G72: =+F72/E72*100 -> 68.942312 | H72: 70
D73: Pembinaan Akreditasi Puskesmas | E73: 641930000 | F73: 482207750 | G73: =+F73/E73*100 -> 75.118432 | H73: 80
D74: Pertemuan Koordinasi Akreditasi FKTP | E74: 284150000 | F74: 238809148 | G74: =+F74/E74*100 -> 84.043339 | H74: 85
D75: Monitoring pelayanan kesehatan primer | E75: 175250000 | F75: 111966334 | G75: =+F75/E75*100 -> 63.889492 | H75: 65
D76: Program Pengawasan Obat dan Makanan | E76: 103800000 | F76: 44000000 | G76: =+F76/E76*100 -> 42.38921 | H76: 45
D77: Peningkatan pengawasan keamanan pangan dan bahan berbahaya | E77: 103800000 | F77: 44000000 | G77: =+F77/E77*100 -> 42.38921 | H77: 45
D78: Program Pengembangan Obat Asli Indonesia | E78: 917473800 | F78: 698263900 | G78: =+F78/E78*100 -> 76.107231 | H78: =SUM((H79:H83))/5 -> 83
D79: Pengembangan Obat Asli Daerah | E79: 168818000 | F79: 113253000 | G79: =+F79/E79*100 -> 67.085856 | H79: 70
D80: Workshop Obat Tradisional Berbasis Wilayah Adat | E80: 114900000 | F80: 99077400 | G80: =+F80/E80*100 -> 86.229243 | H80: 90
D81: Penilaian Pemanfaatan TOGA | E81: 319176000 | F81: 212663700 | G81: =+F81/E81*100 -> 66.628976 | H81: 70
D82: Pertemuan data jaringan informasi dan dokumentasi SP3T | E82: 255179800 | F82: 213889800 | G82: =+F82/E82*100 -> 83.819252 | H82: 85
D83: ADMINISTRASI KEGIATAN SP3T | E83: 59400000 | F83: 59380000 | G83: =+F83/E83*100 -> 99.96633 | H83: 100
D84: Program Promosi Kesehatan dan Pemberdayaan masyarakat | E84: 307897000 | F84: 160578400 | G84: =+F84/E84*100 -> 52.153285 | H84: 55
D85: Pengembangan media promosi dan informasi sadar hidup sehat | E85: 307897000 | F85: 160578400 | G85: =+F85/E85*100 -> 52.153285 | H85: 55
D86: Program Perbaikan Gizi Masyarakat | E86: 177600000 | F86: 155389651 | G86: =+F86/E86*100 -> 87.494173 | H86: 90
D87: Pertemuan pencatatan dan pelaporan program gizi | E87: 177600000 | F87: 155389651 | G87: =+F87/E87*100 -> 87.494173 | H87: 90
D88: Program Pengembangan Lingkungan Sehat | E88: 296775000 | F88: 295834800 | G88: =+F88/E88*100 -> 99.683194 | H88: 100
D89: Pengawasan Kualitas Air | E89: 139525000 | F89: 138637600 | G89: =+F89/E89*100 -> 99.363985 | H89: 100
D90: Pembinaan Kebugaran Jasmani | E90: 157250000 | F90: 157197200 | G90: =+F90/E90*100 -> 99.966423 | H90: 100
D91: Program Pencegahan dan Penanggulangan Penyakit Menular | E91: 3796690000 | F91: 3069380054 | G91: =+F91/E91*100 -> 80.843578 | H91: =SUM((H92:H102))/11 -> 96.818182
D92: Pencegahan dan Pemberantasan Penyakit IMS-HIV/AIDS | E92: 171100000 | F92: 171013880 | G92: =+F92/E92*100 -> 99.949667 | H92: 100
D93: Pemberantasan penyakit DBD | E93: 80000000 | F93: 79296400 | G93: =+F93/E93*100 -> 99.1205 | H93: 100
D94: Pemberantasan penyakit Malaria | E94: 1860000000 | F94: 1166649400 | G94: =+F94/E94*100 -> 62.723086 | H94: 65
D95: Pemberantasan Penyakit Kusta | E95: 68400000 | F95: 67346000 | G95: =+F95/E95*100 -> 98.459064 | H95: 100
D96: Eradikasi Polio, reduksi Campak dan eliminasi Tetanus | E96: 153427000 | F96: 151290116 | G96: =+F96/E96*100 -> 98.607231 | H96: 100
D97: Penanggulangan penyakit Taeniasis | E97: 50000000 | F97: 49888200 | G97: =+F97/E97*100 -> 99.7764 | H97: 100
D98: Peningkatan pelayanan Imunisasi di Provinsi dan Kabupaten. | E98: 880653000 | F98: 860108050 | G98: =+F98/E98*100 -> 97.667078 | H98: 100
D99: Penanggulangan penyakit TBC | E99: 211590000 | F99: 211028200 | G99: =+F99/E99*100 -> 99.734487 | H99: 100
D100: Penanggulangan Penyakit Tidak Menular | E100: 186520000 | F100: 180020008 | G100: =+F100/E100*100 -> 96.515123 | H100: 100
D101: Peningkatan Pengendalian dan Pencegahan ISPA di Wilayah Regional | E101: 85000000 | F101: 82809200 | G101: =+F101/E101*100 -> 97.422588 | H101: 100
D102: Penanggulangan Penyakit Hepatitis | E102: 50000000 | F102: 49930600 | G102: =+F102/E102*100 -> 99.8612 | H102: 100
D103: Program Kemitraan peningkatan pelayanan kesehatan | E103: 305600000 | F103: 293423819 | G103: =+F103/E103*100 -> 96.015648 | H103: 100
... D108: Monitoring evaluasi bimbingan tehnis dan validasi data dari pengelola program Provinsi ke Kabupaten/Kota | E108: 142675000 | F108: 137225200 | G108: =+F108/E108*100 -> 96.18027 | H108: 100
D109: Program kebijakan dan manajemen pembangunan kesehatan | E109: 1382709960 | F109: 1281618300 | G109: =+F109/E109*100 -> 92.688875 | H109: =SUM((H110:H112))/3 -> 96.666667
D110: Lokakarya Penyusunan Program | E110: 292881865 | F110: 289278400 | G110: =+F110/E110*100 -> 98.769652 | H110: 100
D111: Monitoring dan Supervisi perencanaan serta singkronisasi Program | E111: 220771000 | F111: 219731400 | G111: =+F111/E111*100 -> 99.529105 | H111: 100
...

Sheet A.4
C3: REKAPITULASI ALOKASI DAN REALISASI PENGGUNAAN DANA OTONOMI KHUSUS
C4: DIURAIKAN BERDASARKAN, ORGANISASI, PROGRAM/KEGIATAN PROVINSI DAN KABUPATEN/KOTA ATAU NAMA LAIN
C5: TAHUN ANGGARAN 2020
C7: PROVINSI : PAPUA | P7: Tabel A.4
C8: PENERIMAAN : Rp5.861.910.600.000,00
C10: NO. | D10: U R A I A N | E10: PERMINTAAN PENYALURAN TAHAP I | H10: PERMINTAAN PENYALURAN TAHAP II | L10: PERMINTAAN PENYALURAN TAHAP III | P10: KET
E11: ALOKASI ANGGARAN (Rp.) | G11: PROSENTASE (%) | H11: ALOKASI ANGGARAN (Rp.) | I11: REALISASI ANGGARAN (Rp.) | J11: PROSENTASE REALISASI ANGGARAN (%) | K11: CAPAIAN OUTPUT ( %) | L11: ALOKASI ANGGARAN (Rp.) | M11: REALISASI ANGGARAN (Rp.) | N11: PROSENTASE REALISASI ANGGARAN (%) | O11: CAPAIAN OUTPUT ( %)
C12: (1) | D12: (2) | E12: (3) | G12: (4) | H12: (5) | I12: (6) | J12: (7) | K12: (8) | L12: (9) | M12: (10) | N12: (11) | O12: (12) | P12: (13)
C14: A | D14: PROVINSI | E14: =+E15+E83+E172+E185+E201+E213+E233+E269+E285+E291+E297+E301+E305+E320+E312 -> 389351314600 | F14: 5861910600000 | G14: =+E14/F14*100 -> 6.6420548
D15: Dinas Pendidikan, Perpustakaan dan Arsip Daerah | E15: =E16+E27+E29+E37+E45+E52+E66+E70+E72 -> 97405000000 | F15: 389351314600 | G15: =+E15/F15*100 -> 25.017252
D16: Program Pendidikan Menengah Atas | E16: =E17+E18+E19+E20+E21+E22+E23+E24+E25+E26 -> 16069685465 | F16: 389351314600 | G16: =+E16/F16*100 -> 4.1272971
D17: Pembangunan Sekolah Unggulan Berasrama | E17: 7110290000 | F17: 389351314600 | G17: =+E17/F17*100 -> 1.8261888
D18: Penerapan dan Pelatihan MBS SMA | E18: 1053466400 | F18: 389351314600 | G18: =+E18/F18*100 -> 0.27056963
D19: Lomba Debat Bahasa Inggris, Bahasa Indonesia dan Bahasa Jerman | E19: 1573457065 | F19: 389351314600 | G19: =+E19/F19*100 -> 0.40412271
D20: Pelatihan Kepala Tata Usaha Sekolah SMA | E20: 652300000 | F20: 389351314600 | G20: =+E20/F20*100 -> 0.16753507
D21: pelatihan penyusunan rencana kerja anggaran sekolah (RKAS) SMA | E21: 943042560 | F21: 389351314600 | G21: =+E21/F21*100 -> 0.24220865
D22: pelaksanaan evaluasi diri sekolah (EDS) SMA | E22: 1639300000 | F22: 389351314600 | G22: =+E22/F22*100 -> 0.42103364
D23: Lomba Kompetensi Siswa SMA | E23: 1857237500 | F23: 389351314600 | G23: =+E23/F23*100 -> 0.47700815
D24: Lomba Adiwiyata SMA | E24: 270099340 | F24: 389351314600 | G24: =+E24/F24*100 -> 0.069371627
D25: Lomba Karya Ilmiah siswa SMA | E25: 474392600 | F25: 389351314600 | G25: =+E25/F25*100 -> 0.12184179
D26: Penyediaan Bantuan Biaya Musyarawarah Kerja Kepala Sekolah (MKKS) SMA di lima wilayah adat | E26: 496100000 | F26: 389351314600 | G26: =+E26/F26*100 -> 0.12741706
D27: Program Pendidikan Non Formal | E27: =E28 -> 2007000000 | F27: 389351314600 | G27: =+E27/F27*100 -> 0.51547277
D28: Penguatan KKN Tematik untuk Pemberantasan Buta Aksara | E28: 2007000000 | F28: 389351314600 | G28: =+E28/F28*100 -> 0.51547277
D29: Program Peningkatan Mutu Pendidik dan Tenaga Kependidikan | E29: =E30+E31+E32+E33+E34+E35+E36 -> 14648211325 | F29: 389351314600 | G29: =+E29/F29*100 -> 3.7622093
D30: Pelaksanaan sertifikasi pendidik | E30: 2644673875 | F30: 389351314600 | G30: =+E30/F30*100 -> 0.6792513
D31: Pelaksanaan uji kompetensi pendidik dan tenaga kependidikan | E31: 1538600000 | F31: 389351314600 | G31: =+E31/F31*100 -> 0.39517011
D32: Penyediaan Bantuan Biaya MGMP (Musyawarah Guru Mata Pelajaran) | E32: 1753600000 | F32: 389351314600 | G32: =+E32/F32*100 -> 0.45039016
D33: SERTIFIKASI GURU DAN PROGRAM KEAHLIAN SMK | E33: 2689597110 | F33: 389351314600 | G33: =+E33/F33*100 -> 0.69078927
D34: Magang Guru Produktif SMK | E34: 3805100000 | F34: 389351314600 | G34: =+E34/F34*100 -> 0.97729219
D35: Workshop Musyawarah Kompetensi Kepala Sekolah SMA/SMK | E35: 1605920340 | F35: 389351314600 | G35: =+E35/F35*100 -> 0.41246049
D36: Pemetaan Guru dan Tenaga Kependidikan SMA/SMK/PKLK | E36: 610720000 | F36: 389351314600 | G36: =+E36/F36*100 -> 0.15685577
D37: Program Manajemen Pelayanan Pendidikan | E37: =E38+E39+E40+E41+E42+E43+E44 -> 14016742600 | F37: 389351314600 | G37: =+E37/F37*100 -> 3.6000245
D38: Pelaksanaan evaluasi hasil kinerja bidang pendidikan | E38: 2369332600 | F38: 389351314600 | G38: =+E38/F38*100 -> 0.60853335
D39: Pelaksanaan kerjasama secara kelembagaan di bidang pendidikan | E39: 2009750000 | F39: 389351314600 | G39: =+E39/F39*100 -> 0.51617907
D40: Penerapan sistem dan informasi manajemen pendidikan | E40: 1216224500 | F40: 389351314600 | G40: =+E40/F40*100 -> 0.312372
D41: Pelaksanaan Ujian Nasional dan Ujian Sekolah | E41: 4411687500 | F41: 389351314600 | G41: =+E41/F41*100 -> 1.1330866
D42: Pengelolaan PAK (pengelolaan angka kredit) guru, pengawas sekolah, dan pamong belajar | E42: 1283372250 | F42: 389351314600 | G42: =+E42/F42*100 -> 0.32961806
D43: Supervisi dan Monitoring PBM di Sekolah | E43: 2161485000 | F43: 389351314600 | G43: =+E43/F43*100 -> 0.5551503
D44: Pelaksanaan RAKOR dan Sosialisasi USBN dan UNBK | E44: 564890750 | F44: 389351314600 | G44: =+E44/F44*100 -> 0.1450851
D45: Program Pendidikan Khusus dan Layanan Khusus | E45: =E46+E47+E48+E49+E50+E51 -> 24288561070 | F45: 389351314600 | G45: =+E45/F45*100 -> 6.2382122
D46: Pembinaan dan Pengembangan PK/PLK | E46: 3138997510 | F46: 389351314600 | G46: =+E46/F46*100 -> 0.80621213
D47: Makan dan Minum Siswa SMA N 3 dan SMANKOR | E47: 14061110000 | F47: 389351314600 | G47: =+E47/F47*100 -> 3.6114197
D48: Biaya Operasional KPG,SMA N 3 Buper dan SMA N Keberbakatan Olahraga | E48: 4350000000 | F48: 389351314600 | G48: =+E48/F48*100 -> 1.1172429
D49: Pembinaan Siswa SMANKOR Jayapura Mengikuti Kejuaraan | E49: 300000000 | F49: 389351314600 | G49: =+E49/F49*100 -> 0.077051236
D50: Fasilitasi lomba O2SN SD tk Provinsi | E50: 1638453560 | F50: 389351314600 | G50: =+E50/F50*100 -> 0.42081624
D51: pengadaan peralatan latihan dan bertanding 8 CABOR untuk siswa SMANKOR | E51: 800000000 | F51: 389351314600 | G51: =+E51/F51*100 -> 0.20546996
D52: Program Pendidikan Menengah Kejuruan | E52: =E53+E54+E55+E56+E57+E58+E59+E60+E61+E62+E63+E64+E65 -> 22871443316 | F52: 389351314600 | G52: =+E52/F52*100 -> 5.8742432
D53: Lomba Ketrampilan Siswa (LKS-SMK) | E53: 3299900000 | F53: 389351314600 | G53: =+E53/F53*100 -> 0.84753791
D54: Lomba Debat Bahasa Inggris dan Bahasa Indonesia | E54: 569702250 | F54: 389351314600 | G54: =+E54/F54*100 -> 0.14632087
D55: Penerapan dan Pelatihan MBS SMK | E55: 598199350 | F55: 389351314600 | G55: =+E55/F55*100 -> 0.15364
D56: Pembinaan Musyawarah Kelompok Kerja Kepala Sekolah SMK | E56: 1464890000 | F56: 389351314600 | G56: =+E56/F56*100 -> 0.37623862
D57: Revitalisasi Kajian Kurikulum SMK di lima Wilayah Adat | E57: 935641950 | F57: 389351314600 | G57: =+E57/F57*100 -> 0.2403079
D58: Lomba O2SN SMK | E58: 300000000 | F58: 389351314600 | G58: =+E58/F58*100 -> 0.077051236
D59: Lomba FLS2N SMK | E59: 489400000 | F59: 389351314600 | G59: =+E59/F59*100 -> 0.12569625
D60: Magang siswa produktif SMK | E60: 2684400000 | F60: 389351314600 | G60: =+E60/F60*100 -> 0.68945446
D61: Pengembangan unit Produksi untuk SMK | E61: 1980000000 | F61: 389351314600 | G61: =+E61/F61*100 -> 0.50853816
D62: pelatihan penyusunan rencana pelaksanaan pembelajaran (RPP) SMK | E62: 1426849641 | F62: 389351314600 | G62: =+E62/F62*100 -> 0.36646843
D63: pelatihan penyusunan rencana kerja anggaran sekolah (RKAS) SMK | E63: 699860000 | F63: 389351314600 | G63: =+E63/F63*100 -> 0.17975026
D64: Pengembangan Unit Produksi (Kantin Sekolah Berbasis Makanan Lokal dan toko Souvenir dan Portal Informasi Berbasis Online) SMK di 6 Kota | E64: 5422600000 | F64: 389351314600 | G64: =+E64/F64*100 -> 1.3927268
D65: Penyusunan Kurikulum Praktek Kerja Siswa SMA/SMK | E65: 3000000125 | F65: 389351314600 | G65: =+E65/F65*100 -> 0.77051239
D66: Program penyelamatan dan pelestarian dokumen/arsip daerah | E66: =E67+E68+E69 -> 958899404 | F66: 389351314600 | G66: =+E66/F66*100 -> 0.24628128
D67: Pengadaan sarana pengolahan dan penyimpanan arsip | E67: 70000000 | F67: 389351314600 | G67: =+E67/F67*100 -> 0.017978622
D68: Peningkatan Pengelolaan dan Penataan Arsip | E68: 740000000 | F68: 389351314600 | G68: =+E68/F68*100 -> 0.19005972
D69: Pelestarian Arsip-arsip yang Bernilai Guna Statis | E69: 148899404 | F69: 389351314600 | G69: =+E69/F69*100 -> 0.038242944
D70: Program Peningkatan Kualitas Pelayanan Informasi | E70: =E71 -> 183751075 | F70: 389351314600 | G70: =+E70/F70*100 -> 0.047194158
D71: Peningkatan Pembinaan Kearsipan | E71: 183751075 | F71: 389351314600 | G71: =+E71/F71*100 -> 0.047194158
D72: Program Pengembangan Budaya Baca dan Pembinaan Perpustakaan | E72: =E73+E74+E75+E76+E77+E78+E79+E80+E81 -> 2360705745 | F72: 389351314600 | G72: =+E72/F72*100 -> 0.60631765
D73: Pengembangan Minat dan Budaya Baca | E73: 158000000 | F73: 389351314600 | G73: =+E73/F73*100 -> 0.040580318
D74: Penyediaan Bantuan Pengembangan Perpustakaan dan Minat Baca di Daerah | E74: 398799000 | F74: 389351314600 | G74: =+E74/F74*100 -> 0.10242652
D75: Penyediaan Bahan Pustaka Peprustakaan Umum dan Daerah | E75: 690785100 | F75: 389351314600 | G75: =+E75/F75*100 -> 0.17741949
D76: Penyelenggaraan Peprustakaan Keliling | E76: 483216745 | F76: 389351314600 | G76: =+E76/F76*100 -> 0.12410816
D77: Pendidikan dan Pelatihan Teknis/Manajemen Pengelola Perpustakaan | E77: 216050000 | F77: 389351314600 | G77: =+E77/F77*100 -> 0.055489732
D78: Otomasi Perpustakaan | E78: 100000000 | F78: 389351314600 | G78: =+E78/F78*100 -> 0.025683745
D79: Reprografi bahan Pustaka | E79: 116464900 | F79: 389351314600 | G79: =+E79/F79*100 -> 0.029912548
D80: Identifikasi dan inventarisasi naskah kuno | E80: 82590000 | F80: 389351314600 | G80: =+E80/F80*100 -> 0.021212205
D81: Monitoring, evaluasi dan pelaporan Perkembangan perpustakaan didaerah | E81: 114800000 | F81: 389351314600 | G81: =+E81/F81*100 -> 0.02948494
F82: 389351314600 | G82: =+E82/F82*100 -> 0
D83: Dinas Kesehatan | E83: =E84+E95+E99+E101+E108+E112+E114+E118+E132+E134+E137+E141+E143+E157+E162+E165+E167 -> 77869999993 | F83: 389351314600 | G83: =+E83/F83*100 -> 19.999932
D84: Program Obat dan Perbekalan Kesehatan | E84: =E85+E86+E87+E88+E89+E90+E91+E92+E93+E94 -> 7071610255 | F84: 389351314600 | G84: =+E84/F84*100 -> 1.8162544
D85: Peningkatan mutu pelayanan farmasi komunitas dan rumah sakit | E85: 675605600 | F85: 389351314600 | G85: =+E85/F85*100 -> 0.17352082
D86: Pengiriman dan Relokasi Obat buffer stok dan program provinsi ke Kab dan 14 titik terisolir | E86: 163050000 | F86: 389351314600 | G86: =+E86/F86*100 -> 0.041877347
D87: Monitoring pemanfaatan buffer stock di GFK/RS/PKM dan pos obat kampung serta evaluasi hasil magang tenaga GF kab/kota | E87: 335900000 | F87: 389351314600 | G87: =+E87/F87*100 -> 0.0862717
D88: Pengadaan obat buffer stock provinsi | E88: 2769364563 | F88: 389351314600 | G88: =+E88/F88*100 -> 0.71127654
D89: Pengadaan obat-obatan untuk program HIV/AIDS | E89: 371077787 | F89: 389351314600 | G89: =+E89/F89*100 -> 0.095306674
D90: Pengadaan Obat-obatan Program P2M | E90: 380710750 | F90: 389351314600 | G90: =+E90/F90*100 -> 0.097780779
D91: Pengadaan logistik Non Oat Provinsi Papua | E91: 297652250 | F91: 389351314600 | G91: =+E91/F91*100 -> 0.076448246
D92: Pengadaan reagen IMS Provinsi Papua | E92: 91997950 | F92: 389351314600 | G92: =+E92/F92*100 -> 0.023628519
D93: Peningkatan Kapasitas SDM Kefarmasian di Apotek | E93: 132300000 | F93: 389351314600 | G93: =+E93/F93*100 -> 0.033979595
D94: Penyediaan Dana Distribusi Obat,Vaksin dan Reagen dari Instalasi Farmasi Provinsi Ke IFK dan RS | E94: 1853951355 | F94: 389351314600 | G94: =+E94/F94*100 -> 0.47616414
D95: Program Upaya Kesehatan Masyarakat | E95: =E96+E97+E98 -> 850000000 | F95: 389351314600 | G95: =+E95/F95*100 -> 0.21831184
D96: Pembinaan Akreditasi Puskesmas | E96: 338853500 | F96: 389351314600 | G96: =+E96/F96*100 -> 0.08703027
D97: Pertemuan Koordinasi Akreditasi FKTP | E97: 283580000 | F97: 389351314600 | G97: =+E97/F97*100 -> 0.072833965
D98: Pembinaan Teknis Program Pelayanan Primer | E98: 227566500 | F98: 389351314600 | G98: =+E98/F98*100 -> 0.0584476
D99: Program Pengawasan Obat dan Makanan | E99: =E100 -> 69200000 | F99: 389351314600 | G99: =+E99/F99*100 -> 0.017773152
D100: Peningkatan pengawasan keamanan pangan dan bahan berbahaya | E100: 69200000 | F100: 389351314600 | G100: =+E100/F100*100 -> 0.017773152
D101: Program Pengembangan Obat Asli Indonesia | E101: =E102+E103+E104+E105+E106+E107 -> 1629127650 | F101: 389351314600 | G101: =+E101/F101*100 -> 0.418421
D102: Pengembangan standarisasi tanaman obat bahan alam indonesia | E102: 118050000 | F102: 389351314600 | G102: =+E102/F102*100 -> 0.030319661
D103: Pengembangan Obat Asli Daerah | E103: 75600000 | F103: 389351314600 | G103: =+E103/F103*100 -> 0.019416911
D104: Workshop Obat Tradisional Berbasis Wilayah Adat | E104: 378432500 | F104: 389351314600 | G104: =+E104/F104*100 -> 0.097195639
D105: Penilaian Pemanfaatan TOGA | E105: 261000000 | F105: 389351314600 | G105: =+E105/F105*100 -> 0.067034575
...

Sheet A.5
C3: REKAPITULASI ALOKASI DAN REALISASI PENGGUNAAN DANA OTONOMI KHUSUS UNTUK PENDIDIKAN
C4: DIURAIKAN BERDASARKAN, ORGANISASI, PROGRAM/KEGIATAN PROVINSI DAN KABUPATEN/KOTA ATAU NAMA LAIN
C5: TAHUN ANGGARAN 2019
C7: PROVINSI : PAPUA | H7: Tabel A.5
C8: PENERIMAAN : Rp 5.850.230.158.00,00
C10: NO. | D10: U R A I A N | E10: PERMINTAAN PENYALURAN TAHAP I | I10: KET
E11: ALOKASI ANGGARAN (Rp.) | F11: REALISASI ANGGARAN (Rp.) | G11: PROSENTASE REALISASI ANGGARAN (%) | H11: CAPAIAN OUTPUT ( %)
C12: (1) | D12: (2) | E12: (3) | F12: (4) | G12: (5) | H12: (6) | I12: (7)
C13: A | D13: PROVINSI | E13: =E14+E53+E71+E85+E92 -> 266016422415 | F13: =F14+F53+F71+F85+F92 -> 236970748636 | G13: =F13/E13*100 -> 89.081248 | H13: =(H14+H53+H71+H85+H92)/5 -> 89.404708
D14: Dinas Pendidikan | E14: =+E15+E23+E25+E31+E34+E43 -> 97490000000 | F14: 92808762732 | G14: =+F14/E14*100 -> 95.198239 | H14: =(H15+H23+H25+H31+H34+H43)/6 -> 85.205357
D15: Program Pendidikan Menengah Atas | E15: =+E16+E17+E18+E19+E20+E21+E22 -> 25533038150 | F15: 23493410295 | G15: =+F15/E15*100 -> 92.011809 | H15: =SUM((H16:H22))/7 -> 97.857143
D16: Lomba Debat Bahasa Inggris, Bahasa Indonesia dan Bahasa Jerman | E16: 545200000 | F16: 545200000 | G16: =+F16/E16*100 -> 100 | H16: =+G16 -> 100
D17: Lomba Kompetensi Siswa SMA Tingkat Prov dan Tk.Nasional | E17: 400000000 | F17: 390000000 | G17: =+F17/E17*100 -> 97.5 | H17: 100
D18: Pengadaan mebeluer sekolah | E18: 520000000 | F18: 516932800 | G18: =+F18/E18*100 -> 99.410154 | H18: 100
D19: Pembangunan Ruang Kelas Baru (SMA) | E19: 3776105220 | F19: 3695575000 | G19: =+F19/E19*100 -> 97.867374 | H19: 100
D20: DAK Reguler SMA ( Utang TA 2017) | E20: 17515982930 | F20: 15843510695 | G20: =+F20/E20*100 -> 90.451736 | H20: 100
D21: Lomba Kompetensi Siswa SMA | E21: 1731250000 | F21: 1551150000 | G21: =+F21/E21*100 -> 89.597112 | H21: 90
D22: Pendidikan Pengelolaan Dana Pendidikan SMA dan SMK | E22: 1044500000 | F22: 951041800 | G22: =+F22/E22*100 -> 91.05235 | H22: 95
D23: Program Peningkatan Mutu Pendidik dan Tenaga Kependidikan | E23: 2349300000 | F23: 2152500000 | G23: =+F23/E23*100 -> 91.623037 | H23: 95
D24: Pelaksanaan sertifikasi pendidik | E24: 2349300000 | F24: 2152500000 | G24: =+F24/E24*100 -> 91.623037 | H24: 95
D25: Program Manajemen Pelayanan Pendidikan | E25: 52655056280 | F25: 52612230250 | G25: =+F25/E25*100 -> 99.918667 | H25: 100
D26: Pelaksanaan evaluasi hasil kinerja bidang pendidikan | E26: 243100000 | F26: 237386400 | G26: =+F26/E26*100 -> 97.649691 | H26: 100
D27: Penerapan sistem dan informasi manajemen pendidikan | E27: 1245800000 | F27: 1237544800 | G27: =+F27/E27*100 -> 99.337358 | H27: 100
D28: Pelaksanaan Rapat Kerja Teknis | E28: 943700000 | F28: 915078300 | G28: =+F28/E28*100 -> 96.967076 | H28: 100
D29: Biaya Operasi Sekolah | E29: 50022456280 | F29: 50022240750 | G29: =+F29/E29*100 -> 99.999569 | H29: =+G29 -> 99.999569
D30: Pengelolaan Buletin/Majalah Pendidikan Papua | E30: 200000000 | F30: 199980000 | G30: =+F30/E30*100 -> 99.99 | H30: 100
D31: Program Peningkatan SDM Pendidikan Tinggi | E31: 530000000 | F31: 477142000 | G31: =+F31/E31*100 -> 90.026792 | H31: 50
D32: Beasiswa Pendidikan Pascasarjana (S2) | E32: 50000000 | F32: 0 | G32: =+F32/E32*100 -> 0 | H32: =+G32 -> 0
D33: Pembangunan Asrama Putri STT GIDI STAKIN Sentani | E33: 480000000 | F33: 477142000 | G33: =+F33/E33*100 -> 99.404583 | H33: 100
D34: Program Pendidikan Khusus dan Layanan Khusus | E34: 5187467070 | F34: 4704206704 | G34: =+F34/E34*100 -> 90.684078 | H34: =SUM((H35:H42))/8 -> 79.625
D35: Makan dan Minum Siswa SMA N 3 dan SMANKOR | E35: 6000000 | F35: 0 | G35: =+F35/E35*100 -> 0 | H35: =+G35 -> 0
D36: Fasilitasi lomba O2SN SD tk Provinsi | E36: 1802567070 | F36: 1635890000 | G36: =+F36/E36*100 -> 90.75335 | H36: 92
D37: Pengadaan dan Pembelian Buku Panduan Kurikulum Muatan Lokal | E37: 1000000000 | F37: 1000000000 | G37: =+F37/E37*100 -> 100 | H37: =+G37 -> 100
D38: Sosialisasi Pendidikan Inklusif | E38: 290000000 | F38: 216710500 | G38: =+F38/E38*100 -> 74.727759 | H38: 75
D39: Biaya Seleksi Siswa di 29 Kabupaten/Kota | E39: 313200000 | F39: 313200000 | G39: =+F39/E39*100 -> 100 | H39: =+G39 -> 100
D40: Fasilitasi Kegiatan PON XX Tahun 2020 | E40: 535000000 | F40: 535000000 | G40: =+F40/E40*100 -> 100 | H40: =+G40 -> 100
D41: Revitalisasi KPG Papua | E41: 443200000 | F41: 388601100 | G41: =+F41/E41*100 -> 87.680754 | H41: 90
D42: Sosialisasi Paradigma Kurikulum Holistik Terintegratif Jenjang SMA/SMK | E42: 797500000 | F42: 614805104 | G42: =+F42/E42*100 -> 77.091549 | H42: 80
D43: Program Pendidikan Menengah Kejuruan | E43: 11235138500 | F43: 9369273483 | G43: =+F43/E43*100 -> 83.392594 | H43: =SUM((H44:H51))/8 -> 88.75
D44: Pembangunan Sarana dan Prasarana Olahraga SMK | E44: 4336200000 | F44: 3749550000 | G44: =+F44/E44*100 -> 86.470873 | H44: 90
D45: Lomba O2SN SMK | E45: 346500000 | F45: 346270790 | G45: =+F45/E45*100 -> 99.93385 | H45: 100
D46: Lomba FLS2N SMK | E46: 297900000 | F46: 293847200 | G46: =+F46/E46*100 -> 98.639543 | H46: 100
D47: Praktek kerja industri siswa | E47: 1165500000 | F47: 1165039200 | G47: =+F47/E47*100 -> 99.960463 | H47: 100
D48: Pengadaan peralatan Praktek SMK | E48: 1580738500 | F48: 1579738500 | G48: =+F48/E48*100 -> 99.936738 | H48: 100
D49: Penyediaan Biaya Aplikasi Travel SMK Pariwisata di 6 Sekolah | E49: 1454400000 | F49: 242512316 | G49: =+F49/E49*100 -> 16.674389 | H49: 20
D50: Pengembangan unit Produksi untuk SMK | E50: 724400000 | F50: 721819277 | G50: =+F50/E50*100 -> 99.643743 | H50: 100
D51: Bimtek K13 Berbasis Spektrum SMK | E51: 1329500000 | F51: 1270496200 | G51: =+F51/E51*100 -> 95.561956 | H51: 100
D53: Dinas Kesehatan | E53: =E54+E56+E67 -> 18517107815 | F53: =F54+F56+F67 -> 15380979647 | G53: =F53/E53*100 -> 83.063618 | H53: =(H54+H56+H67)/3 -> 83.333333
D54: Program Pengembangan Obat Asli Indonesia | E54: 114900000 | F54: 99077400 | G54: =+F54/E54*100 -> 86.229243 | H54: 90
D55: Workshop Obat Tradisional Berbasis Wilayah Adat | E55: 114900000 | F55: 99077400 | G55: =+F55/E55*100 -> 86.229243 | H55: 90
D56: Program Sumber Daya Kesehatan | E56: 17412582815 | F56: =SUM(F57:F66) -> 14355823455 | G56: =F56/E56*100 -> 82.445112 | H56: =SUM((H57:H66))/10 -> 62.5
D57: Pembinaan dan Pengawasan Mutu Tenaga Kesehatan | E57: 3299936000 | F57: 2687040363 | G57: =+F57/E57*100 -> 81.427045 | H57: 85
D58: Pelatihan analis kebutuhan diklat di regional papua | E58: 1203546815 | F58: 1036788896 | G58: =+F58/E58*100 -> 86.144459 | H58: 90
D59: Peningkatan kapasitas widyaswara | E59: 300000000 | F59: 299796069 | G59: =+F59/E59*100 -> 99.932023 | H59: 100
D60: Training Need Asessment ( TNA ) | E60: 120000000 | F60: 0 | G60: =+F60/E60*100 -> 0 | H60: =+G60 -> 0
D61: Pelaksanaan Akreditasi Balai pelatihan tenaga kesehatan sebagai pusat pelatihan lokal terbaik di Papua | E61: 200000000 | F61: 192095000 | G61: =+F61/E61*100 -> 96.0475 | H61: 100
D62: Satuan tugas pelayanan kesehatan kaki telanjang/jalan kaki, pelayanan terapung dan terbang ( Satgas kijang ) | E62: 8000000000 | F62: 7116776529 | G62: =+F62/E62*100 -> 88.959707 | H62: 90
D63: Pelatihan Master OF Training | E63: 325000000 | F63: 0 | G63: =+F63/E63*100 -> 0 | H63: =+G63 -> 0
D64: Sekolah Menengah Kejuruan Analis Kesehatan | E64: 2860000000 | F64: 2521654202 | G64: =+F64/E64*100 -> 88.169727 | H64: 90
D65: Sosialisasi Sasaran Kinerja Pegawai (SKP) | E65: 754100000 | F65: 501672396 | G65: =+F65/E65*100 -> 66.525977 | H65: 70
D66: PELATIHAN AKREDITASI PELATIHAN BAGI PENYELENGGARA PELATIHAN | E66: 350000000 | F66: 0 | G66: =+F66/E66*100 -> 0 | H66: =+G66 -> 0
D67: Program Peningkatan Pelayanan Laboratorium | E67: 989625000 | F67: =SUM(F68:F69) -> 926078792 | G67: =F67/E67*100 -> 93.578759 | H67: =195/2 -> 97.5
D68: Bimbingan Tehnik ke Kabupaten/Kota | E68: 593500000 | F68: 544227467 | G68: =+F68/E68*100 -> 91.697973 | H68: 95
D69: Peningkatan kapasitas tenaga Laboratorium | E69: 396125000 | F69: 381851325 | G69: =+F69/E69*100 -> 96.396674 | H69: 100
E70: 0
D71: Badan Pengembangan Sumber Daya Manusia | E71: 6100000000 | F71: 5870306605 | G71: =+F71/E71*100 -> 96.234535 | H71: =H72 -> 96.818182
D72: Program Pembinaan dan Pengembangan Aparatur | E72: 6100000000 | F72: 5870306605 | G72: =+F72/E72*100 -> 96.234535 | H72: =SUM((H73:H83))/11 -> 96.818182
D73: Evaluasi Pasca Diklat Pim | E73: 300000000 | F73: 297829800 | G73: =+F73/E73*100 -> 99.2766 | H73: 100
D74: Diklat Bahasa Ingris bagi Aparatur | E74: 200000000 | F74: 200000000 | G74: =+F74/E74*100 -> 100 | H74: =+G74 -> 100
D75: Pengembangan Kapasitas SDM Aparatur | E75: 2442000000 | F75: 2437022839 | G75: =+F75/E75*100 -> 99.796185 | H75: 100
D76: Pengembangan Kerjasama Penyelenggaraan Diklat | E76: 993000000 | F76: 952975779 | G76: =+F76/E76*100 -> 95.969363 | H76: 95
D77: Penilaian Angka Kredit Jabatan Fungsional | E77: 250000000 | F77: 230440100 | G77: =+F77/E77*100 -> 92.17604 | H77: 95
D78: Pengembangan Data dan Informasi Diklat | E78: 618600000 | F78: 544806134 | G78: =+F78/E78*100 -> 88.070827 | H78: 90
D79: Diklat TOT Subtansi WI | E79: 400000000 | F79: 327228853 | G79: =+F79/E79*100 -> 81.807213 | H79: 85
D80: Analisis Kebutuhan Diklat | E80: 200000000 | F80: 191549000 | G80: =+F80/E80*100 -> 95.7745 | H80: 100
D81: Monitoring dan Evaluasi Penyelenggaraan Diklat | E81: 271500000 | F81: 264086100 | G81: =+F81/E81*100 -> 97.269282 | H81: 100
D82: Perencanaan dan Pembinaan Diklat Aparatur | E82: 200000000 | F82: 199946900 | G82: =+F82/E82*100 -> 99.97345 | H82: 100
D83: Pengembangan Standarisasi dan Sertifikasi Kompetensi ASN | E83: 224900000 | F83: 224421100 | G83: =+F83/E83*100 -> 99.787061 | H83: 100
E84: 0
D85: Badan Pengelola Keuangan dan Asset Daerah | E85: 132709314600 | F85: =+F86 -> 113379818182 | G85: =+F85/E85*100 -> 85.43471 | H85: 90
D86: BELANJA TIDAK LANGSUNG | E86: =+E87 -> 132709314600 | F86: =+F87 -> 113379818182 | G86: =+F86/E86*100 -> 85.43471 | H86: 90
D87: Non Program | E87: =+E88 -> 132709314600 | F87: =+F88 -> 113379818182 | G87: =+F87/E87*100 -> 85.43471 | H87: 90
D88: Non Kegiatan | E88: =+E89+E90 -> 132709314600 | F88: =+F89 -> 113379818182 | G88: =+F88/E88*100 -> 85.43471 | H88: 90
D89: Belanja Hibah | E89: 132609314600 | F89: 113379818182 | G89: =+F89/E89*100 -> 85.499136 | H89: 90
D90: Bantuan Pendidikan/Bea Siswa Tugas Belajar | E90: 100000000 | G90: =+F90/E90*100 -> 0 | H90: =+G90 -> 0
D92: Badan Kepegawaian Daerah | E92: 11200000000 | F92: 9530881470 | G92: 85.097156 | H92: 91.666667
D93: Program Pembinaan dan Pengembangan Aparatur | E93: 11200000000 | F93: 9530881470 | G93: =+F93/E93*100 -> 85.097156 | H93: =SUM((H94:H96))/3 -> 91.666667
D94: Pengembangan Kualitas SDM | E94: 10077502980 | F94: 8504653070 | G94: =+F94/E94*100 -> 84.392464 | H94: 85
D95: Penyelenggaraan Seleksi Pendidikan dan Latihan Aparatur | E95: 521327940 | F95: 506539800 | G95: =+F95/E95*100 -> 97.163371 | H95: 100
D96: Penyelenggaraan Ujian Dinas | E96: 601169080 | F96: 519688600 | G96: =+F96/E96*100 -> 86.446329 | H96: 90
E98: 0
C99: B | D99: KABUPATEN/KOTA | E99: =E100+E130+E153+E170+E206+E255+E292+E328+E356+E367+E394+E425+E437+E469+E488+E506+E529+E551+E569+E591+E612+E634+E648+E670+E702+E716+E732+E775+E827 -> 5.792691e+11 | F99: =F100+F130+F153+F170+F206+F255+F292+F328+F356+F367+F394+F425+F437+F469+F488+F506+F529+F551+F569+F591+F612+F634+F648+F670+F702+F716+F732+F775+F827 -> 5.1365597e+11 | G99: =F99/E99*100 -> 88.673118 | H99: =(H100+H130+H153+H170+H206+H255+H292+H328+H356+H367+H394+H425+H437+H469+H488+H506+H529+H551+H569+H591+H612+H634+H648+H670+H702+H716+H732+H775+H827)/29 -> 86.153452
C100: 1 | D100: KABUPATEN MERAUKE | E100: 27678637440 | F100: 26308854485 | G100: 95.051119 | H100: 61.545139
D101: Dinas Pendidikan dan Kebudayaan | E101: =SUM(E102+E108+E118+E127) -> 27678637440 | F101: =SUM(F102+F108+F118+F127) -> 26308854485 | G101: =SUM(F101/E101*100) -> 95.051119 | H101: =(H102+H108+H118+H127)/4 -> 61.545139
D102: Program Pendidikan Anak Usia Dini | E102: =SUM(E103:E107) -> 1316372080 | F102: =SUM(F103:F107) -> 707841985 | G102: =SUM(F102/E102*100) -> 53.772182 | H102: =SUM((H103:H107))/5 -> 70
D103: Pengadaan mebeluer sekolah (OTSUS) | E103: 263420000 | F103: 263420000 | G103: =SUM(F103/E103*100) -> 100 | H103: =SUM(F103/E103)*100 -> 100
D104: Pelatihan kompetensi tenaga pendidik (OTSUS) | E104: 85274985 | F104: 43199985 | G104: =SUM(F104/E104*100) -> 50.659622 | H104: 50
D105: Penyediaan Insentif Guru atau Guru Pendamping ( OTSUS ) | E105: 564000000 | F105: 0 | G105: =SUM(F105/E105*100) -> 0 | H105: =SUM(F105/E105)*100 -> 0
D106: Pengadaan Buku Penunjang Kompetensi Tumbuh Kembang dan Pengayaan bagi Siswa ( OTSUS ) | E106: 157500000 | F106: 156222000 | G106: =SUM(F106/E106*100) -> 99.188571 | H106: 100
D107: Pengadaan Alat Permainan Edukatif Indoor dan Outdoor (OTSUS) | E107: 246177095 | F107: 245000000 | G107: =SUM(F107/E107*100) -> 99.52185 | H107: 100
...

Sheet A.6
A3: REKAPITULASI ALOKASI DAN REALISASI PENGGUNAAN DANA OTONOMI KHUSUS UNTUK PENDIDIKAN
A4: DIURAIKAN BERDASARKAN, ORGANISASI, PROGRAM/KEGIATAN PROVINSI DAN KABUPATEN/KOTA
A5: TAHUN ANGGARAN 2020
A7: PROVINSI : PAPUA
A8: PENERIMAAN : Rp5.861.910.600.000,00 | M8: Tabel A.6
A10: NO. | B10: U R A I A N | C10: PERMINTAAN PENYALURAN TAHAP I | F10: PERMINTAAN PENYALURAN TAHAP II | J10: PERMINTAAN PENYALURAN TAHAP III | N10: KET
C11: ALOKASI ANGGARAN (Rp.) | E11: PROSENTASE ALOKASI ANGGARAN (%) | F11: ALOKASI ANGGARAN (Rp.) | G11: REALISASI ANGGARAN (Rp.) | H11: PROSENTASE REALISASI ANGGARAN (%) | I11: CAPAIAN OUTPUT (%) | J11: ALOKASI ANGGARAN (Rp.) | K11: REALISASI ANGGARAN (Rp.) | L11: PROSENTASE REALISASI ANGGARAN (%) | M11: CAPAIAN OUTPUT (%)
A12: (1) | B12: (2) | C12: (3) | E12: (4) | F12: (5) | G12: (6) | H12: (7) | I12: (8) | J12: (9) | K12: (10) | L12: (11) | M12: (12) | N12: (13)
A13: A | B13: PROVINSI | C13: =C14 -> 97405000000 | D13: 389351314600 | E13: =+C13/D13*100 -> 25.017252
B14: Dinas Pendidikan, Perpustakaan dan Arsip Daerah | C14: =C15+C26+C28+C36+C44+C51+C65+C69+C71 -> 97405000000 | D14: 389351314600 | E14: =+C14/D14*100 -> 25.017252
B15: Program Pendidikan Menengah Atas | C15: =C16+C17+C18+C19+C20+C21+C22+C23+C24+C25 -> 16069685465 | D15: 97405000000 | E15: =+C15/D15*100 -> 16.497803
B16: Pembangunan Sekolah Unggulan Berasrama | C16: 7110290000 | D16: 97405000000 | E16: =+C16/D16*100 -> 7.2997177
B17: Penerapan dan Pelatihan MBS SMA | C17: 1053466400 | D17: 97405000000 | E17: =+C17/D17*100 -> 1.0815322
B18: Lomba Debat Bahasa Inggris, Bahasa Indonesia dan Bahasa Jerman | C18: 1573457065 | D18: 97405000000 | E18: =+C18/D18*100 -> 1.6153761
B19: Pelatihan Kepala Tata Usaha Sekolah SMA | C19: 652300000 | D19: 97405000000 | E19: =+C19/D19*100 -> 0.66967815
B20: pelatihan penyusunan rencana kerja anggaran sekolah (RKAS) SMA | C20: 943042560 | D20: 97405000000 | E20: =+C20/D20*100 -> 0.96816648
B21: pelaksanaan evaluasi diri sekolah (EDS) SMA | C21: 1639300000 | D21: 97405000000 | E21: =+C21/D21*100 -> 1.6829732
B22: Lomba Kompetensi Siswa SMA | C22: 1857237500 | D22: 97405000000 | E22: =+C22/D22*100 -> 1.9067168
B23: Lomba Adiwiyata SMA | C23: 270099340 | D23: 97405000000 | E23: =+C23/D23*100 -> 0.27729515
B24: Lomba Karya Ilmiah siswa SMA | C24: 474392600 | D24: 97405000000 | E24: =+C24/D24*100 -> 0.48703106
B25: Penyediaan Bantuan Biaya Musyarawarah Kerja Kepala Sekolah (MKKS) SMA di lima wilayah adat | C25: 496100000 | D25: 97405000000 | E25: =+C25/D25*100 -> 0.50931677
B26: Program Pendidikan Non Formal | C26: =C27 -> 2007000000 | D26: 97405000000 | E26: =+C26/D26*100 -> 2.0604692
B27: Penguatan KKN Tematik untuk Pemberantasan Buta Aksara | C27: 2007000000 | D27: 97405000000 | E27: =+C27/D27*100 -> 2.0604692
B28: Program Peningkatan Mutu Pendidik dan Tenaga Kependidikan | C28: =C29+C30+C31+C32+C33+C34+C35 -> 14648211325 | D28: 97405000000 | E28: =+C28/D28*100 -> 15.038459
B29: Pelaksanaan sertifikasi pendidik | C29: 2644673875 | D29: 97405000000 | E29: =+C29/D29*100 -> 2.7151315
B30: Pelaksanaan uji kompetensi pendidik dan tenaga kependidikan | C30: 1538600000 | D30: 97405000000 | E30: =+C30/D30*100 -> 1.5795904
B31: Penyediaan Bantuan Biaya MGMP (Musyawarah Guru Mata Pelajaran) | C31: 1753600000 | D31: 97405000000 | E31: =+C31/D31*100 -> 1.8003183
B32: SERTIFIKASI GURU DAN PROGRAM KEAHLIAN SMK | C32: 2689597110 | D32: 97405000000 | E32: =+C32/D32*100 -> 2.7612516
B33: Magang Guru Produktif SMK | C33: 3805100000 | D33: 97405000000 | E33: =+C33/D33*100 -> 3.906473
B34: Workshop Musyawarah Kompetensi Kepala Sekolah SMA/SMK | C34: 1605920340 | D34: 97405000000 | E34: =+C34/D34*100 -> 1.6487042
B35: Pemetaan Guru dan Tenaga Kependidikan SMA/SMK/PKLK | C35: 610720000 | D35: 97405000000 | E35: =+C35/D35*100 -> 0.6269904
B36: Program Manajemen Pelayanan Pendidikan | C36: =C37+C38+C39+C40+C41+C42+C43 -> 14016742600 | D36: 97405000000 | E36: =+C36/D36*100 -> 14.390167
B37: Pelaksanaan evaluasi hasil kinerja bidang pendidikan | C37: 2369332600 | D37: 97405000000 | E37: =+C37/D37*100 -> 2.4324548
B38: Pelaksanaan kerjasama secara kelembagaan di bidang pendidikan | C38: 2009750000 | D38: 97405000000 | E38: =+C38/D38*100 -> 2.0632924
B39: Penerapan sistem dan informasi manajemen pendidikan | C39: 1216224500 | D39: 97405000000 | E39: =+C39/D39*100 -> 1.2486264
B40: Pelaksanaan Ujian Nasional dan Ujian Sekolah | C40: 4411687500 | D40: 97405000000 | E40: =+C40/D40*100 -> 4.5292208
B41: Pengelolaan PAK (pengelolaan angka kredit) guru, pengawas sekolah, dan pamong belajar | C41: 1283372250 | D41: 97405000000 | E41: =+C41/D41*100 -> 1.317563
B42: Supervisi dan Monitoring PBM di Sekolah | C42: 2161485000 | D42: 97405000000 | E42: =+C42/D42*100 -> 2.2190699
B43: Pelaksanaan RAKOR dan Sosialisasi USBN dan UNBK | C43: 564890750 | D43: 97405000000 | E43: =+C43/D43*100 -> 0.5799402
B44: Program Pendidikan Khusus dan Layanan Khusus | C44: =C45+C46+C47+C48+C49+C50 -> 24288561070 | D44: 97405000000 | E44: =+C44/D44*100 -> 24.935641
B45: Pembinaan dan Pengembangan PK/PLK | C45: 3138997510 | D45: 97405000000 | E45: =+C45/D45*100 -> 3.2226246
B46: Makan dan Minum Siswa SMA N 3 dan SMANKOR | C46: 14061110000 | D46: 97405000000 | E46: =+C46/D46*100 -> 14.435717
B47: Biaya Operasional KPG,SMA N 3 Buper dan SMA N Keberbakatan Olahraga | C47: 4350000000 | D47: 97405000000 | E47: =+C47/D47*100 -> 4.4658898
B48: Pembinaan Siswa SMANKOR Jayapura Mengikuti Kejuaraan | C48: 300000000 | D48: 97405000000 | E48: =+C48/D48*100 -> 0.3079924
B49: Fasilitasi lomba O2SN SD tk Provinsi | C49: 1638453560 | D49: 97405000000 | E49: =+C49/D49*100 -> 1.6821042
B50: pengadaan peralatan latihan dan bertanding 8 CABOR untuk siswa SMANKOR | C50: 800000000 | D50: 97405000000 | E50: =+C50/D50*100 -> 0.82131307
B51: Program Pendidikan Menengah Kejuruan | C51: =C52+C53+C54+C55+C56+C57+C58+C59+C60+C61+C62+C63+C64 -> 22871443316 | D51: 97405000000 | E51: =+C51/D51*100 -> 23.480769
B52: Lomba Ketrampilan Siswa (LKS-SMK) | C52: 3299900000 | D52: 97405000000 | E52: =+C52/D52*100 -> 3.3878138
B53: Lomba Debat Bahasa Inggris dan Bahasa Indonesia | C53: 569702250 | D53: 97405000000 | E53: =+C53/D53*100 -> 0.58487988
B54: Penerapan dan Pelatihan MBS SMK | C54: 598199350 | D54: 97405000000 | E54: =+C54/D54*100 -> 0.61413618
B55: Pembinaan Musyawarah Kelompok Kerja Kepala Sekolah SMK | C55: 1464890000 | D55: 97405000000 | E55: =+C55/D55*100 -> 1.5039166
B56: Revitalisasi Kajian Kurikulum SMK di lima Wilayah Adat | C56: 935641950 | D56: 97405000000 | E56: =+C56/D56*100 -> 0.96056871
B57: Lomba O2SN SMK | C57: 300000000 | D57: 97405000000 | E57: =+C57/D57*100 -> 0.3079924
B58: Lomba FLS2N SMK | C58: 489400000 | D58: 97405000000 | E58: =+C58/D58*100 -> 0.50243827
B59: Magang siswa produktif SMK | C59: 2684400000 | D59: 97405000000 | E59: =+C59/D59*100 -> 2.755916
B60: Pengembangan unit Produksi untuk SMK | C60: 1980000000 | D60: 97405000000 | E60: =+C60/D60*100 -> 2.0327499
B61: pelatihan penyusunan rencana pelaksanaan pembelajaran (RPP) SMK | C61: 1426849641 | D61: 97405000000 | E61: =+C61/D61*100 -> 1.4648628
B62: pelatihan penyusunan rencana kerja anggaran sekolah (RKAS) SMK | C62: 699860000 | D62: 97405000000 | E62: =+C62/D62*100 -> 0.71850521
B63: Pengembangan Unit Produksi (Kantin Sekolah Berbasis Makanan Lokal dan toko Souvenir dan Portal Informasi Berbasis Online) SMK di 6 Kota | C63: 5422600000 | D63: 97405000000 | E63: =+C63/D63*100 -> 5.5670653
B64: Penyusunan Kurikulum Praktek Kerja Siswa SMA/SMK | C64: 3000000125 | D64: 97405000000 | E64: =+C64/D64*100 -> 3.0799242
B65: Program penyelamatan dan pelestarian dokumen/arsip daerah | C65: =C66+C67+C68 -> 958899404 | D65: 97405000000 | E65: =+C65/D65*100 -> 0.98444577
B66: Pengadaan sarana pengolahan dan penyimpanan arsip | C66: 70000000 | D66: 97405000000 | E66: =+C66/D66*100 -> 0.071864894
B67: Peningkatan Pengelolaan dan Penataan Arsip | C67: 740000000 | D67: 97405000000 | E67: =+C67/D67*100 -> 0.75971459
B68: Pelestarian Arsip-arsip yang Bernilai Guna Statis | C68: 148899404 | D68: 97405000000 | E68: =+C68/D68*100 -> 0.15286628
B69: Program Peningkatan Kualitas Pelayanan Informasi | C69: =C70 -> 183751075 | D69: 97405000000 | E69: =+C69/D69*100 -> 0.18864645
B70: Peningkatan Pembinaan Kearsipan | C70: 183751075 | D70: 97405000000 | E70: =+C70/D70*100 -> 0.18864645
B71: Program Pengembangan Budaya Baca dan Pembinaan Perpustakaan | C71: =C72+C73+C74+C75+C76+C77+C78+C79+C80 -> 2360705745 | D71: 97405000000 | E71: =+C71/D71*100 -> 2.4235981
B72: Pengembangan Minat dan Budaya Baca | C72: 158000000 | D72: 97405000000 | E72: =+C72/D72*100 -> 0.16220933
B73: Penyediaan Bantuan Pengembangan Perpustakaan dan Minat Baca di Daerah | C73: 398799000 | D73: 97405000000 | E73: =+C73/D73*100 -> 0.40942354
B74: Penyediaan Bahan Pustaka Peprustakaan Umum dan Daerah | C74: 690785100 | D74: 97405000000 | E74: =+C74/D74*100 -> 0.70918854
B75: Penyelenggaraan Peprustakaan Keliling | C75: 483216745 | D75: 97405000000 | E75: =+C75/D75*100 -> 0.49609029
B76: Pendidikan dan Pelatihan Teknis/Manajemen Pengelola Perpustakaan | C76: 216050000 | D76: 97405000000 | E76: =+C76/D76*100 -> 0.22180586
B77: Otomasi Perpustakaan | C77: 100000000 | D77: 97405000000 | E77: =+C77/D77*100 -> 0.10266413
B78: Reprografi bahan Pustaka | C78: 116464900 | D78: 97405000000 | E78: =+C78/D78*100 -> 0.11956768
B79: Identifikasi dan inventarisasi naskah kuno | C79: 82590000 | D79: 97405000000 | E79: =+C79/D79*100 -> 0.084790309
B80: Monitoring, evaluasi dan pelaporan Perkembangan perpustakaan didaerah | C80: 114800000 | D80: 97405000000 | E80: =+C80/D80*100 -> 0.11785843
A82: B | B82: KAB/KOTA | C82: =C83+C118+C161+C174+C190+C224+C250+C282+C313+C322+C343+C376+C387+C417+C442+C461+C480+C495+C509+C547+C560+C572+C599+C624+C645+C657+C674+C701+C755 -> 5.9035831e+11 | D82: =D83+D118+D161+D174+D190+D224+D250+D282+D313+D322+D344+D376+D387+D417+D442+D461+D480+D495+D509+D547+D560+D572+D599+D624+D645+D657+D674+D701+D755 -> 1.5574078e+12 | E82: =+C82/D82*100 -> 37.90647
A83: I | B83: Kabupaten Merauke | C83: =+C84+C113 -> 30754041600 | D83: 4.8495887e+10 | E83: =+C83/D83*100 -> 63.415773
B84: Dinas Pendidikan dan Kebudayaan | C84: =SUM(C85+C91+C101+C110) -> 27678637440 | D84: 4.8495887e+10 | E84: =+C84/D84*100 -> 57.074196
B85: Program Pendidikan Anak Usia Dini | C85: =SUM(C86:C90) -> 1316372080 | D85: 30754041600 | E85: =+C85/D85*100 -> 4.2803222
B86: Pengadaan mebeluer sekolah (OTSUS) | C86: 263420000 | D86: 30754041600 | E86: =+C86/D86*100 -> 0.85653783
B87: Pelatihan kompetensi tenaga pendidik (OTSUS) | C87: 85274985 | D87: 30754041600 | E87: =+C87/D87*100 -> 0.27728058
B88: Penyediaan Insentif Guru atau Guru Pendamping ( OTSUS ) | C88: 564000000 | D88: 30754041600 | E88: =+C88/D88*100 -> 1.8339053
B89: Pengadaan Buku Penunjang Kompetensi Tumbuh Kembang dan Pengayaan bagi Siswa ( OTSUS ) | C89: 157500000 | D89: 30754041600 | E89: =+C89/D89*100 -> 0.51212781
B90: Pengadaan Alat Permainan Edukatif Indoor dan Outdoor (OTSUS) | C90: 246177095 | D90: 30754041600 | E90: =+C90/D90*100 -> 0.80047071
B91: Program Wajib Belajar Pendidikan Dasar Sembilan Tahun | C91: =SUM(C92:C100) -> 21430611660 | D91: 30754041600 | E91: =+C91/D91*100 -> 69.683887
B92: Pengadan Bahan Habis Pakai untuk penyediaan Pendukung Pembelajaran dan Praktik Siswa (OTSUS) | C92: 2130000000 | D92: 30754041600 | E92: =+C92/D92*100 -> 6.925919
B93: Pengadaan Pendidik (Guru Kontrak SD) (OTSUS) | C93: 8610000000 | D93: 30754041600 | E93: =+C93/D93*100 -> 27.99632
B94: Pengadaan Makanan dan Minuman Siswa/Siswi SMP berasrama berbasis komoditas lokal (OTSUS) | C94: 3315600000 | D94: 30754041600 | E94: =+C94/D94*100 -> 10.781022
B95: Pembangunan Tempat Ibadah, Perpustakaan, UKS, Kamar Mandi, Jamban & Jaringan Air Bersih dengan Pipa atau Bak Penampungan Air Hujan disesuaikan dengan kondisi Lingkungan (OTSUS) | C95: 495675000 | D95: 30754041600 | E95: =+C95/D95*100 -> 1.6117394
B96: Pengadaan Meubelair dan Perlengkapan Pendukung untuk ruang kelas, Ruang Guru, UKS, perpustakaan, Asrama (OTSUS) | C96: 4306426260 | D96: 30754041600 | E96: =+C96/D96*100 -> 14.002798
B97: Pengadaan Beasiswa melanjutkan (Transisi) untuk siswa asli Papua (OTSUS) | C97: 188510400 | D97: 30754041600 | E97: =+C97/D97*100 -> 0.61296139
B98: Pengadaan Pendidik (Guru Kontrak) SMP (OTSUS) | C98: 1778400000 | D98: 30754041600 | E98: =+C98/D98*100 -> 5.7826546
B99: Pengadaan Buku Penunjang Pembelajaran dan Pengayaan Siswa (OTSUS) | C99: 106000000 | D99: 30754041600 | E99: =+C99/D99*100 -> 0.34467015
B100: Pengadaan Bahan Habis Pakai untuk pendukung Pembelajaran dan Praktik Siswa (OTSUS) | C100: 500000000 | D100: 30754041600 | E100: =+C100/D100*100 -> 1.6258026
B101: Program Pendidikan Menengah | C101: =SUM(C102:C109) -> 4791643700 | D101: 30754041600 | E101: =+C101/D101*100 -> 15.580533
B102: Pengadaan Makan dan Minum Siswa/i SMA Berasrama (OTSUS) | C102: 420000000 | D102: 30754041600 | E102: =+C102/D102*100 -> 1.3656742
B103: Pengadaan Makan dan Minum Siswa/i SMK Berasrama (OTSUS) | C103: 777000000 | D103: 30754041600 | E103: =+C103/D103*100 -> 2.5264972
B104: Pembangunan Ruang Serba Guna - Lapangan Olahraga (OTSUS) | C104: 351600000 | D104: 30754041600 | E104: =+C104/D104*100 -> 1.1432644
B105: Pembangunan Rumah Dinas Guru dan Kepala Sekolah serta perlengkapannya (OTSUS) | C105: 1168041620 | D105: 30754041600 | E105: =+C105/D105*100 -> 3.7980101
...

Sheet A.7 
C3: REKAPITULASI ALOKASI DAN REALISASI PENGGUNAAN DANA OTONOMI KHUSUS UNTUK KESEHATAN
C4: DIURAIKAN BERDASARKAN, ORGANISASI, PROGRAM/KEGIATAN PROVINSI DAN KABUPATEN/KOTA ATAU NAMA LAIN
C5: TAHUN ANGGARAN 2019
C7: PROVINSI : PAPUA | H7: Tabel A.7
C8: PENERIMAAN : Rp 5.850.230.158.000,00
C10: NO. | D10: U R A I A N | E10: PERMINTAAN PENYALURAN TAHAP I | I10: KET
E11: ALOKASI ANGGARAN (Rp.) | F11: REALISASI ANGGARAN (Rp.) | G11: PROSENTASE REALISASI ANGGARAN (%) | H11: CAPAIAN OUTPUT ( %)
C12: (1) | D12: (2) | E12: (3) | F12: (4) | G12: (5) | H12: (6) | I12: (7)
C13: A | D13: PROVINSI | E13: 69470000000 | F13: =F14 -> 5.8371e+10 | G13: =G14 -> 84.023319 | H13: =H14 -> 83.297811
D14: Dinas Kesehatan | E14: 69470000000 | F14: 5.8371e+10 | G14: =+F14/E14*100 -> 84.023319 | H14: =(H15+H18+H29+H35+H37+H43+H45+H47+H50+H62+H64+H66+H68+H72+H74+H86+H92+H95)/18 -> 83.297811
D15: Program Pelayanan Administrasi Perkantoran | E15: 4169210000 | F15: 3768102542 | G15: =+F15/E15*100 -> 90.379293 | H15: =185/2 -> 92.5
D16: Penyediaan jasa komunikasi, sumber daya air dan listrik | E16: 1624450000 | F16: 1320322822 | G16: =+F16/E16*100 -> 81.278145 | H16: 85
D17: Penyediaan jasa kebersihan kantor | E17: 2544760000 | F17: 2447779720 | G17: =+F17/E17*100 -> 96.189021 | H17: 100
D18: Program Obat dan Perbekalan Kesehatan | E18: 6745531225 | F18: 4342866305 | G18: =+F18/E18*100 -> 64.381383 | H18: =SUM((H19:H28))/10 -> 62.3
D19: Peningkatan mutu pelayanan farmasi komunitas dan rumah sakit | E19: 403375800 | F19: 222265700 | G19: =+F19/E19*100 -> 55.101397 | H19: 60
D20: Pengiriman dan Relokasi Obat buffer stok dan program provinsi ke Kab dan 14 titik terisolir | E20: 2300000000 | F20: 2161165875 | G20: =+F20/E20*100 -> 93.963734 | H20: 95
D21: Monitoring pemanfaatan buffer stock di GFK/RS/PKM dan pos obat kampung serta evaluasi hasil magang tenaga GF kab/kota | E21: 338814000 | F21: 288474072 | G21: =+F21/E21*100 -> 85.142312 | H21: 90
D22: Pengadaan obat buffer stock provinsi | E22: 1681552000 | F22: 888973010 | G22: =+F22/E22*100 -> 52.866222 | H22: 55
D23: Pengadaan obat-obatan untuk program HIV/AIDS | E23: 471779000 | F23: 12950000 | G23: =+F23/E23*100 -> 2.7449293 | H23: 5
D24: Pengadaan Obat-obatan Program P2M | E24: 488144000 | F24: 293116000 | G24: =+F24/E24*100 -> 60.047035 | H24: 60
D25: Pengadaan logistik Non Oat Provinsi Papua | E25: 480602000 | F25: 6000000 | G25: =+F25/E25*100 -> 1.2484343 | H25: 3
D26: Pengadaan reagen IMS Provinsi Papua | E26: 123178800 | F26: 113200000 | G26: =+F26/E26*100 -> 91.898931 | H26: 95
D27: Pengelolaan Perbekalan Farmasi/Gudang Obat Buffer Stock Provinsi | E27: 165100000 | F27: 117099875 | G27: =+F27/E27*100 -> 70.926635 | H27: 75
D28: Peningkatan Kapasitas SDM Kefarmasian di Apotek | E28: 292985625 | F28: 239621773 | G28: =+F28/E28*100 -> 81.786188 | H28: 85
D29: Program Upaya Kesehatan Masyarakat | E29: 6535791200 | F29: 3911679708 | G29: =+F29/E29*100 -> 59.850133 | H29: =SUM((H30:H34))/5 -> 71
D30: Peningkatan pelayanan dan penanggulangan masalah kesehatan | E30: 3670000000 | F30: 1862236126 | G30: =+F30/E30*100 -> 50.742129 | H30: 55
D31: penyediaan biaya operasional dan pemeliharaan | E31: 1764461200 | F31: 1216460350 | G31: =+F31/E31*100 -> 68.942312 | H31: 70
D32: Pembinaan Akreditasi Puskesmas | E32: 641930000 | F32: 482207750 | G32: =+F32/E32*100 -> 75.118432 | H32: 80
D33: Pertemuan Koordinasi Akreditasi FKTP | E33: 284150000 | F33: 238809148 | G33: =+F33/E33*100 -> 84.043339 | H33: 85
D34: Monitoring pelayanan kesehatan primer | E34: 175250000 | F34: 111966334 | G34: =+F34/E34*100 -> 63.889492 | H34: 65
D35: Program Pengawasan Obat dan Makanan | E35: 103800000 | F35: 44000000 | G35: =+F35/E35*100 -> 42.38921 | H35: 45
D36: Peningkatan pengawasan keamanan pangan dan bahan berbahaya | E36: 103800000 | F36: 44000000 | G36: =+F36/E36*100 -> 42.38921 | H36: 45
D37: Program Pengembangan Obat Asli Indonesia | E37: 917473800 | F37: 698263900 | G37: =+F37/E37*100 -> 76.107231 | H37: =SUM((H38:H42))/5 -> 83
D38: Pengembangan Obat Asli Daerah | E38: 168818000 | F38: 113253000 | G38: =+F38/E38*100 -> 67.085856 | H38: 70
D39: Workshop Obat Tradisional Berbasis Wilayah Adat | E39: 114900000 | F39: 99077400 | G39: =+F39/E39*100 -> 86.229243 | H39: 90
D40: Penilaian Pemanfaatan TOGA | E40: 319176000 | F40: 212663700 | G40: =+F40/E40*100 -> 66.628976 | H40: 70
D41: Pertemuan data jaringan informasi dan dokumentasi SP3T | E41: 255179800 | F41: 213889800 | G41: =+F41/E41*100 -> 83.819252 | H41: 85
D42: ADMINISTRASI KEGIATAN SP3T | E42: 59400000 | F42: 59380000 | G42: =+F42/E42*100 -> 99.96633 | H42: 100
D43: Program Promosi Kesehatan dan Pemberdayaan masyarakat | E43: 307897000 | F43: 160578400 | G43: =+F43/E43*100 -> 52.153285 | H43: 55
D44: Pengembangan media promosi dan informasi sadar hidup sehat | E44: 307897000 | F44: 160578400 | G44: =+F44/E44*100 -> 52.153285 | H44: 55
D45: Program Perbaikan Gizi Masyarakat | E45: 177600000 | F45: 155389651 | G45: =+F45/E45*100 -> 87.494173 | H45: 90
D46: Pertemuan pencatatan dan pelaporan program gizi | E46: 177600000 | F46: 155389651 | G46: =+F46/E46*100 -> 87.494173 | H46: 90
D47: Program Pengembangan Lingkungan Sehat | E47: 296775000 | F47: 295834800 | G47: =+F47/E47*100 -> 99.683194 | H47: 100
D48: Pengawasan Kualitas Air | E48: 139525000 | F48: 138637600 | G48: =+F48/E48*100 -> 99.363985 | H48: 100
D49: Pembinaan Kebugaran Jasmani | E49: 157250000 | F49: 157197200 | G49: =+F49/E49*100 -> 99.966423 | H49: 100
D50: Program Pencegahan dan Penanggulangan Penyakit Menular | E50: 3796690000 | F50: 3069380054 | G50: =+F50/E50*100 -> 80.843578 | H50: =SUM((H51:H61))/11 -> 96.818182
D51: Pencegahan dan Pemberantasan Penyakit IMS-HIV/AIDS | E51: 171100000 | F51: 171013880 | G51: =+F51/E51*100 -> 99.949667 | H51: 100
D52: Pemberantasan penyakit DBD | E52: 80000000 | F52: 79296400 | G52: =+F52/E52*100 -> 99.1205 | H52: 100
D53: Pemberantasan penyakit Malaria | E53: 1860000000 | F53: 1166649400 | G53: =+F53/E53*100 -> 62.723086 | H53: 65
D54: Pemberantasan Penyakit Kusta | E54: 68400000 | F54: 67346000 | G54: =+F54/E54*100 -> 98.459064 | H54: 100
D55: Eradikasi Polio, reduksi Campak dan eliminasi Tetanus | E55: 153427000 | F55: 151290116 | G55: =+F55/E55*100 -> 98.607231 | H55: 100
D56: Penanggulangan penyakit Taeniasis | E56: 50000000 | F56: 49888200 | G56: =+F56/E56*100 -> 99.7764 | H56: 100
D57: Peningkatan pelayanan Imunisasi di Provinsi dan Kabupaten. | E57: 880653000 | F57: 860108050 | G57: =+F57/E57*100 -> 97.667078 | H57: 100
D58: Penanggulangan penyakit TBC | E58: 211590000 | F58: 211028200 | G58: =+F58/E58*100 -> 99.734487 | H58: 100
D59: Penanggulangan Penyakit Tidak Menular | E59: 186520000 | F59: 180020008 | G59: =+F59/E59*100 -> 96.515123 | H59: 100
D60: Peningkatan Pengendalian dan Pencegahan ISPA di Wilayah Regional | E60: 85000000 | F60: 82809200 | G60: =+F60/E60*100 -> 97.422588 | H60: 100
D61: Penanggulangan Penyakit Hepatitis | E61: 50000000 | F61: 49930600 | G61: =+F61/E61*100 -> 99.8612 | H61: 100
D62: Program Kemitraan peningkatan pelayanan kesehatan | E62: 305600000 | F62: 293423819 | G62: =+F62/E62*100 -> 96.015648 | H62: 100
... D67: Monitoring evaluasi bimbingan tehnis dan validasi data dari pengelola program Provinsi ke Kabupaten/Kota | E67: 142675000 | F67: 137225200 | G67: =+F67/E67*100 -> 96.18027 | H67: 100
D68: Program kebijakan dan manajemen pembangunan kesehatan | E68: 1382709960 | F68: 1281618300 | G68: =+F68/E68*100 -> 92.688875 | H68: =SUM((H69:H71))/3 -> 96.666667
D69: Lokakarya Penyusunan Program | E69: 292881865 | F69: 289278400 | G69: =+F69/E69*100 -> 98.769652 | H69: 100
D70: Monitoring dan Supervisi perencanaan serta singkronisasi Program | E70: 220771000 | F70: 219731400 | G70: =+F70/E70*100 -> 99.529105 | H70: 100
D71: Pendampingan perencanaan pada daerah Bermasalah Kesehatan | E71: 869057095 | F71: 772608500 | G71: =+F71/E71*100 -> 88.901927 | H71: 90
D72: Program upaya kesehatan perorangan | E72: 155100000 | F72: 136650000 | G72: =+F72/E72*100 -> 88.104449 | H72: 90
D73: Pelaksanaan Kartu Papua Sehat | E73: 155100000 | F73: 136650000 | G73: =+F73/E73*100 -> 88.104449 | H73: 90
D74: Program Sumber Daya Kesehatan | E74: 31087451815 | F74: 2.7466244e+10 | G74: =+F74/E74*100 -> 88.351544 | H74: =SUM((H75:H85))/11 -> 65.909091
D75: Pembinaan dan Pengawasan Mutu Tenaga Kesehatan | E75: 3299936000 | F75: 2687040363 | G75: =+F75/E75*100 -> 81.427045 | H75: 85
D76: Pelatihan analis kebutuhan diklat di regional papua | E76: 1203546815 | F76: 1036788896 | G76: =+F76/E76*100 -> 86.144459 | H76: 90
D77: Peningkatan kapasitas widyaswara | E77: 300000000 | F77: 299796069 | G77: =+F77/E77*100 -> 99.932023 | H77: 100
D78: Training Need Asessment ( TNA ) | E78: 120000000 | F78: 0 | G78: =+F78/E78*100 -> 0 | H78: =+G78 -> 0
D79: Pelaksanaan Akreditasi Balai pelatihan tenaga kesehatan sebagai pusat pelatihan lokal terbaik di Papua | E79: 200000000 | F79: 192095000 | G79: =+F79/E79*100 -> 96.0475 | H79: 100
D80: Satuan tugas pelayanan kesehatan kaki telanjang/jalan kaki, pelayanan terapung dan terbang ( Satgas kijang ) | E80: 8000000000 | F80: 7116776529 | G80: =+F80/E80*100 -> 88.959707 | H80: 90
D81: Pembangunan gedung dan peralatan serta pemeliharaan bapelkes | E81: 13674869000 | F81: 1.311042e+10 | G81: =+F81/E81*100 -> 95.872364 | H81: 100
D82: Pelatihan Master OF Training | E82: 325000000 | F82: 0 | G82: =+F82/E82*100 -> 0 | H82: =+G82 -> 0
D83: Sekolah Menengah Kejuruan Analis Kesehatan | E83: 2860000000 | F83: 2521654202 | G83: =+F83/E83*100 -> 88.169727 | H83: 90
D84: Sosialisasi Sasaran Kinerja Pegawai (SKP) | E84: 754100000 | F84: 501672396 | G84: =+F84/E84*100 -> 66.525977 | H84: 70
D85: PELATIHAN AKREDITASI PELATIHAN BAGI PENYELENGGARA PELATIHAN | E85: 350000000 | F85: 0 | G85: =+F85/E85*100 -> 0 | H85: =+G85 -> 0
D86: Program Peningkatan Pelayanan Laboratorium | E86: 10402675000 | F86: 10096492499 | G86: =+F86/E86*100 -> 97.056695 | H86: =SUM((H87:H91))/5 -> 97
D87: Pengadaan Peralatan Laboratorium | E87: 2170500000 | F87: 2152291878 | G87: =+F87/E87*100 -> 99.161109 | H87: 100
D88: Pengadaan bahan pemeriksaan Laboratorium | E88: 5842230000 | F88: 5789620000 | G88: =+F88/E88*100 -> 99.099488 | H88: 100
D89: Bimbingan Tehnik ke Kabupaten/Kota | E89: 593500000 | F89: 544227467 | G89: =+F89/E89*100 -> 91.697973 | H89: 95
D90: Penjaminan mutu laboratorium | E90: 1400320000 | F90: 1228501829 | G90: =+F90/E90*100 -> 87.730078 | H90: 90
D91: Peningkatan kapasitas tenaga Laboratorium | E91: 396125000 | F91: 381851325 | G91: =+F91/E91*100 -> 96.396674 | H91: 100
D92: Program Pengembangan Data/Informasi | E92: 790500000 | F92: 750714947 | G92: =+F92/E92*100 -> 94.967103 | H92: =195/2 -> 97.5
D93: Pengelolaan data/informasi kesehatan | E93: 331468001 | F93: 330059938 | G93: =+F93/E93*100 -> 99.575204 | H93: 100
D94: Penyusunan Profil Kesehatan Provinsi | E94: 459031999 | F94: 420655009 | G94: =+F94/E94*100 -> 91.639583 | H94: 95
D95: Program Peningkatan Kesehatan Jiwa Masyarakat | E95: 100000000 | F95: 99459600 | G95: =+F95/E95*100 -> 99.4596 | H95: =SUM((H96:H101))/6 -> 91.666667
D96: Pelayanan Kesehatan Jiwa di Kabupaten/Kota | E96: 100000000 | F96: 99459600 | G96: =+F96/E96*100 -> 99.4596 | H96: 100
D97: Upaya Kesehatan Perorangan | E97: 1579620000 | F97: 1372676298 | G97: =+F97/E97*100 -> 86.899147 | H97: 90
D98: Bimbingan Teknis Akreditasi Rumah Sakit | E98: 301330000 | F98: 292241604 | G98: =+F98/E98*100 -> 96.983906 | H98: 100
D99: Pembinaan Persiapan Akreditasi Rumah Sakit | E99: 249750000 | F99: 204039700 | G99: =+F99/E99*100 -> 81.697578 | H99: 85
D100: Pertemuan Evaluasi dan Singkronisasi Pelayanan Kesehatan Rujukan | E100: 782190000 | F100: 659353183 | G100: =+F100/E100*100 -> 84.295783 | H100: 85
D101: Monitoring dan Evaluasi Pelaksanaan ASPAK dan SIRS Online di Kab/Kota | E101: 246350000 | F101: 217041811 | G101: =+F101/E101*100 -> 88.103029 | H101: 90
E102: 0
C103: B | D103: KABUPATEN/KOTA | E103: =E104+E126+E160+E180+E193+E233+E267+E301+E319+E332+E357+E377+E391+E419+E445+E454+E494+E505+E512+E546+E556+E581+E600+E614+E631+E642+E666+E704+E723 -> 3.1051954e+11 | F103: =F104+F126+F160+F180+F193+F233+F267+F301+F319+F332+F357+F377+F391+F419+F445+F454+F494+F505+F512+F546+F556+F581+F600+F614+F631+F642+F666+F704+F723 -> 2.6173367e+11 | G103: =F103/E103*100 -> 84.288951 | H103: =(H104+H126+H160+H180+H193+H233+H267+H301+H319+H332+H357+H377+H391+H419+H445+H454+H494+H505+H512+H546+H556+H581+H600+H614+H631+H642+H666+H704+H723)/29 -> 80.812157
C104: 1 | D104: KABUPATEN MERAUKE | E104: =+E105+E122 -> 15377020800 | F104: =+F105+F122 -> 13352416300 | G104: =+F104/E104*100 -> 86.833571 | H104: =(H105+H122)/2 -> 92.833333
D105: Dinas Kesehatan | E105: =SUM(E106+E110+E112+E116+E119) -> 10377020800 | F105: =SUM(F106+F110+F112+F116+F119) -> 8419343000 | G105: =SUM(F105/E105*100) -> 81.134491 | H105: =(H106+H110+H112+H116+H119)/5 -> 85.666667
D106: Program Upaya Kesehatan Masyarakat | E106: =SUM(E107:E109) -> 4630355000 | F106: =SUM(F107:F109) -> 3142665500 | G106: =SUM(F106/E106*100) -> 67.870941 | H106: =SUM((H107:H109))/3 -> 78.333333
D107: Peningkatan pelayanan dan penanggulangan masalah kesehatan | E107: 233200000 | F107: 213905200 | G107: =SUM(F107/E107*100) -> 91.726072 | H107: 95
D108: Penyediaan biaya operasional dan pemeliharaan | E108: 2107455000 | F108: 2060921000 | G108: =SUM(F108/E108*100) -> 97.791934 | H108: 100
...

Sheet A.8
B3: REKAPITULASI ALOKASI DAN REALISASI PENGGUNAAN DANA OTONOMI KHUSUS UNTUK KESEHATAN
B4: DIURAIKAN BERDASARKAN, ORGANISASI, PROGRAM/KEGIATAN PROVINSI DAN KABUPATEN/KOTA
B5: TAHUN ANGGARAN 2020
B7: PROVINSI : PAPUA
B8: PENERIMAAN : Rp5.861.910.600.000,00 | N8: Tabel A.8
B10: NO. | C10: U R A I A N | D10: PERMINTAAN PENYALURAN TAHAP I | G10: PERMINTAAN PENYALURAN TAHAP II | K10: PERMINTAAN PENYALURAN TAHAP III | O10: KET
D11: ALOKASI ANGGARAN (Rp.) | F11: PROSENTASE ALOKASI ANGGARAN (%) | G11: ALOKASI ANGGARAN (Rp.) | H11: REALISASI ANGGARAN (Rp.) | I11: PROSENTASE REALISASI ANGGARAN (%) | J11: CAPAIAN OUTPUT (%) | K11: ALOKASI ANGGARAN (Rp.) | L11: REALISASI ANGGARAN (Rp.) | M11: PROSENTASE REALISASI ANGGARAN (%) | N11: CAPAIAN OUTPUT (%)
B12: (1) | C12: (2) | D12: (3) | F12: (4) | G12: (5) | H12: (6) | I12: (7) | J12: (8) | K12: (9) | L12: (10) | M12: (11) | N12: (12) | O12: (13)
B14: A | C14: PROVINSI | D14: =D15+D92 -> 78479999993 | E14: 389351314600 | F14: =+D14/E14*100 -> 20.156603
C15: Dinas Kesehatan | D15: =D16+D27+D31+D33+D40+D44+D46+D50+D64+D66+D69+D73+D75+D89+D94+D97+D99 -> 77869999993 | E15: 78479999993 | F15: =+D15/E15*100 -> 99.222732
C16: Program Obat dan Perbekalan Kesehatan | D16: =D17+D18+D19+D20+D21+D22+D23+D24+D25+D26 -> 7071610255 | E16: 78479999993 | F16: =+D16/E16*100 -> 9.0107164
C17: Peningkatan mutu pelayanan farmasi komunitas dan rumah sakit | D17: 675605600 | E17: 78479999993 | F17: =+D17/E17*100 -> 0.8608634
C18: Pengiriman dan Relokasi Obat buffer stok dan program provinsi ke Kab dan 14 titik terisolir | D18: 163050000 | E18: 78479999993 | F18: =+D18/E18*100 -> 0.20775994
C19: Monitoring pemanfaatan buffer stock di GFK/RS/PKM dan pos obat kampung serta evaluasi hasil magang tenaga GF kab/kota | D19: 335900000 | E19: 78479999993 | F19: =+D19/E19*100 -> 0.42800714
C20: Pengadaan obat buffer stock provinsi | D20: 2769364563 | E20: 78479999993 | F20: =+D20/E20*100 -> 3.528752
C21: Pengadaan obat-obatan untuk program HIV/AIDS | D21: 371077787 | E21: 78479999993 | F21: =+D21/E21*100 -> 0.47283102
C22: Pengadaan Obat-obatan Program P2M | D22: 380710750 | E22: 78479999993 | F22: =+D22/E22*100 -> 0.48510544
C23: Pengadaan logistik Non Oat Provinsi Papua | D23: 297652250 | E23: 78479999993 | F23: =+D23/E23*100 -> 0.37927147
C24: Pengadaan reagen IMS Provinsi Papua | D24: 91997950 | E24: 78479999993 | F24: =+D24/E24*100 -> 0.11722471
C25: Peningkatan Kapasitas SDM Kefarmasian di Apotek | D25: 132300000 | E25: 78479999993 | F25: =+D25/E25*100 -> 0.16857798
C26: Penyediaan Dana Distribusi Obat,Vaksin dan Reagen dari Instalasi Farmasi Provinsi Ke IFK dan RS | D26: 1853951355 | E26: 78479999993 | F26: =+D26/E26*100 -> 2.3623233
C27: Program Upaya Kesehatan Masyarakat | D27: =D28+D29+D30 -> 850000000 | E27: 78479999993 | F27: =+D27/E27*100 -> 1.0830785
C28: Pembinaan Akreditasi Puskesmas | D28: 338853500 | E28: 78479999993 | F28: =+D28/E28*100 -> 0.43177051
C29: Pertemuan Koordinasi Akreditasi FKTP | D29: 283580000 | E29: 78479999993 | F29: =+D29/E29*100 -> 0.36134047
C30: Pembinaan Teknis Program Pelayanan Primer | D30: 227566500 | E30: 78479999993 | F30: =+D30/E30*100 -> 0.28996751
C31: Program Pengawasan Obat dan Makanan | D31: =D32 -> 69200000 | E31: 78479999993 | F31: =+D31/E31*100 -> 0.088175331
C32: Peningkatan pengawasan keamanan pangan dan bahan berbahaya | D32: 69200000 | E32: 78479999993 | F32: =+D32/E32*100 -> 0.088175331
C33: Program Pengembangan Obat Asli Indonesia | D33: =D34+D35+D36+D37+D38+D39 -> 1629127650 | E33: 78479999993 | F33: =+D33/E33*100 -> 2.0758507
C34: Pengembangan standarisasi tanaman obat bahan alam indonesia | D34: 118050000 | E34: 78479999993 | F34: =+D34/E34*100 -> 0.15042049
C35: Pengembangan Obat Asli Daerah | D35: 75600000 | E35: 78479999993 | F35: =+D35/E35*100 -> 0.096330275
C36: Workshop Obat Tradisional Berbasis Wilayah Adat | D36: 378432500 | E36: 78479999993 | F36: =+D36/E36*100 -> 0.48220247
C37: Penilaian Pemanfaatan TOGA | D37: 261000000 | E37: 78479999993 | F37: =+D37/E37*100 -> 0.33256881
C38: Pertemuan data jaringan informasi dan dokumentasi SP3T | D38: 396376850 | E38: 78479999993 | F38: =+D38/E38*100 -> 0.50506734
C39: PELATIHAN AKUPRESSUR BAGI TENAGA MEDIS PUSKESMAS | D39: 399668300 | E39: 78479999993 | F39: =+D39/E39*100 -> 0.50926134
C40: Program Promosi Kesehatan dan Pemberdayaan masyarakat | D40: =D41+D42+D43 -> 1490000000 | E40: 78479999993 | F40: =+D40/E40*100 -> 1.8985729
C41: Pengembangan media promosi dan informasi sadar hidup sehat | D41: 1300000000 | E41: 78479999993 | F41: =+D41/E41*100 -> 1.656473
C42: Pengembangan Saka Bhakti Husada ( SBH ) | D42: 90000000 | E42: 78479999993 | F42: =+D42/E42*100 -> 0.1146789
C43: Pendataan Pengembangan Upaya Kesehatan Berbasis Masyarakat ( UKBM ) | D43: 100000000 | E43: 78479999993 | F43: =+D43/E43*100 -> 0.127421
C44: Program Perbaikan Gizi Masyarakat | D44: =D45 -> 669236735 | E44: 78479999993 | F44: =+D44/E44*100 -> 0.85274813
C45: Pertemuan pencatatan dan pelaporan program gizi | D45: 669236735 | E45: 78479999993 | F45: =+D45/E45*100 -> 0.85274813
C46: Program Pengembangan Lingkungan Sehat | D46: =D47+D48+D49 -> 1069552535 | E46: 78479999993 | F46: =+D46/E46*100 -> 1.3628345
C47: Peningkatan kemampuan petugas kesehatan dalam pelaksanaan sanitasi total berbasis masyarakat ( STBM ) | D47: 511289890 | E47: 78479999993 | F47: =+D47/E47*100 -> 0.65149069
C48: Pengawasan Kualitas Air | D48: 148599445 | E48: 78479999993 | F48: =+D48/E48*100 -> 0.1893469
C49: Pembinaan Kebugaran Jasmani | D49: 409663200 | E49: 78479999993 | F49: =+D49/E49*100 -> 0.52199694
C50: Program Pencegahan dan Penanggulangan Penyakit Menular | D50: =D51+D52+D53+D54+D55+D56+D57+D58+D59+D60+D61+D62+D63 -> 6085733495 | E50: 78479999993 | F50: =+D50/E50*100 -> 7.7545024
C51: Pencegahan dan Pemberantasan Penyakit IMS-HIV/AIDS | D51: 602400000 | E51: 78479999993 | F51: =+D51/E51*100 -> 0.7675841
C52: Pemberantasan penyakit DBD | D52: 235700000 | E52: 78479999993 | F52: =+D52/E52*100 -> 0.30033129
C53: Pemberantasan penyakit Malaria | D53: 1735300000 | E53: 78479999993 | F53: =+D53/E53*100 -> 2.2111366
C54: Pemberantasan penyakit Filaria | D54: 252050000 | E54: 78479999993 | F54: =+D54/E54*100 -> 0.32116463
C55: Pemberantasan Penyakit Kusta | D55: 256540000 | E55: 78479999993 | F55: =+D55/E55*100 -> 0.32688583
C56: Eradikasi Polio, reduksi Campak dan eliminasi Tetanus | D56: 518377735 | E56: 78479999993 | F56: =+D56/E56*100 -> 0.66052209
C57: Penanggulangan penyakit Taeniasis | D57: 160585000 | E57: 78479999993 | F57: =+D57/E57*100 -> 0.20461901
C58: Peningkatan pelayanan Imunisasi di Provinsi dan Kabupaten. | D58: 468020000 | E58: 78479999993 | F58: =+D58/E58*100 -> 0.59635576
C59: Penanggulangan penyakit TBC | D59: 709600000 | E59: 78479999993 | F59: =+D59/E59*100 -> 0.90417941
C60: Penanggulangan Penyakit Tidak Menular | D60: 448200000 | E60: 78479999993 | F60: =+D60/E60*100 -> 0.57110092
C61: Peningkatan Pengendalian dan Pencegahan ISPA di Wilayah Regional | D61: 267502000 | E61: 78479999993 | F61: =+D61/E61*100 -> 0.34085372
C62: Monev Terpadu (AIDS,TB,Malaria) | D62: 199533760 | E62: 78479999993 | F62: =+D62/E62*100 -> 0.25424791
C63: Penanggulangan Penyakit Hepatitis | D63: 231925000 | E63: 78479999993 | F63: =+D63/E63*100 -> 0.29552115
C64: Program Kemitraan peningkatan pelayanan kesehatan | D64: =D65 -> 301556680 | E64: 78479999993 | F64: =+D64/E64*100 -> 0.38424653
C65: Pengelolaan mitra pembangunan kesehatan | D65: 301556680 | E65: 78479999993 | F65: =+D65/E65*100 -> 0.38424653
C66: Program peningkatan keselamatan ibu melahirkan dan anak | D66: =D67+D68 -> 667081320 | E66: 78479999993 | F66: =+D66/E66*100 -> 0.85000168
C67: Monitoring evaluasi bimbingan tehnis dan validasi data dari pengelola program Provinsi ke Kabupaten/Kota | D67: 294813690 | E67: 78479999993 | F67: =+D67/E67*100 -> 0.37565455
C68: Peningkatan Kapasitas Tenaga dalam pencatatan dan pelaporan bagi pengelola data KIA | D68: 372267630 | E68: 78479999993 | F68: =+D68/E68*100 -> 0.47434713
C69: Program kebijakan dan manajemen pembangunan kesehatan | D69: =D70+D71+D72 -> 3400006029 | E69: 78479999993 | F69: =+D69/E69*100 -> 4.3323216
C70: Lokakarya Penyusunan Program | D70: 300002617 | E70: 78479999993 | F70: =+D70/E70*100 -> 0.38226633
C71: Monitoring dan Supervisi perencanaan serta singkronisasi Program | D71: 835983600 | E71: 78479999993 | F71: =+D71/E71*100 -> 1.0652187
C72: Pendampingan perencanaan pada daerah Bermasalah Kesehatan | D72: 2264019812 | E72: 78479999993 | F72: =+D72/E72*100 -> 2.8848367
C73: Program upaya kesehatan perorangan | D73: =D74 -> 439099370 | E73: 78479999993 | F73: =+D73/E73*100 -> 0.5595048
C74: Workshop Standar Akreditasi RS KARS edisi I | D74: 439099370 | E74: 78479999993 | F74: =+D74/E74*100 -> 0.5595048
C75: Program Sumber Daya Kesehatan | D75: =D76+D77+D78+D79+D80+D81+D82+D83+D84+D85+D86+D87+D88 -> 35624767723 | E75: 78479999993 | F75: =+D75/E75*100 -> 45.393435
C76: Pembinaan dan Pengawasan Mutu Tenaga Kesehatan | D76: 10919385787 | E76: 78479999993 | F76: =+D76/E76*100 -> 13.91359
C77: Pembinaan Organisasi Profesi Bidang Kesehatan | D77: 328607560 | E77: 78479999993 | F77: =+D77/E77*100 -> 0.41871504
C78: Monitoring dan Evaluasi tenaga Kesehatan | D78: 2049190201 | E78: 78479999993 | F78: =+D78/E78*100 -> 2.6110986
C79: Pelatihan analis kebutuhan diklat di regional papua | D79: 1661681625 | E79: 78479999993 | F79: =+D79/E79*100 -> 2.1173313
C80: Training Need Asessment ( TNA ) | D80: 374000000 | E80: 78479999993 | F80: =+D80/E80*100 -> 0.47655454
C81: Pelaksanaan Akreditasi Balai pelatihan tenaga kesehatan sebagai pusat pelatihan lokal terbaik di Papua | D81: 400050520 | E81: 78479999993 | F81: =+D81/E81*100 -> 0.50974837
C82: Pembinaan perencanaan kebutuhan SDM Kesehatan | D82: 311171340 | E82: 78479999993 | F82: =+D82/E82*100 -> 0.39649763
C83: Satuan tugas pelayanan kesehatan kaki telanjang/jalan kaki, pelayanan terapung dan terbang ( Satgas kijang ) | D83: 9051250000 | E83: 78479999993 | F83: =+D83/E83*100 -> 11.533193
C84: Pembangunan gedung dan peralatan serta pemeliharaan bapelkes | D84: 5895467855 | E84: 78479999993 | F84: =+D84/E84*100 -> 7.512064
C85: Pembinaan Sekolah Menengah Kejuruan Analis Kesehatan | D85: 3318361000 | E85: 78479999993 | F85: =+D85/E85*100 -> 4.2282887
C86: Sosialisasi Sasaran Kinerja Pegawai (SKP) | D86: 1036478060 | E86: 78479999993 | F86: =+D86/E86*100 -> 1.3206907
C87: Pengawasan Alkes di sarana fasilitas pelayanan kesehatan (Fasyankes). | D87: 234123775 | E87: 78479999993 | F87: =+D87/E87*100 -> 0.29832285
C88: Pemantauan peredaran Alkes di Apotik dan Toko Alkes. | D88: 45000000 | E88: 78479999993 | F88: =+D88/E88*100 -> 0.05733945
C89: Program Peningkatan Pelayanan Laboratorium | D89: =D90+D91+D92+D93 -> 15983021000 | E89: 78479999993 | F89: =+D89/E89*100 -> 20.365725
C90: Pengadaan Peralatan Laboratorium | D90: 8750000000 | E90: 78479999993 | F90: =+D90/E90*100 -> 11.149337
C91: Pengadaan bahan pemeriksaan Laboratorium | D91: 5747398500 | E91: 78479999993 | F91: =+D91/E91*100 -> 7.3233926
C92: Bimbingan Tehnik ke Kabupaten/Kota | D92: 610000000 | E92: 78479999993 | F92: =+D92/E92*100 -> 0.77726809
C93: Penjaminan mutu laboratorium | D93: 875622500 | E93: 78479999993 | F93: =+D93/E93*100 -> 1.1157269
C94: Program Pengembangan Data/Informasi | D94: =D95+D96 -> 1193499996 | E94: 78479999993 | F94: =+D94/E94*100 -> 1.5207696
C95: Pengelolaan data/informasi kesehatan | D95: 672476161 | E95: 78479999993 | F95: =+D95/E95*100 -> 0.85687584
C96: Penyusunan Profil Kesehatan Provinsi | D96: 521023835 | E96: 78479999993 | F96: =+D96/E96*100 -> 0.66389378
C97: Program Peningkatan Kesehatan Jiwa Masyarakat | D97: =D98 -> 460600000 | E97: 78479999993 | F97: =+D97/E97*100 -> 0.58690112
C98: Pelayanan Kesehatan Jiwa di Kabupaten/Kota | D98: 460600000 | E98: 78479999993 | F98: =+D98/E98*100 -> 0.58690112
C99: Upaya Kesehatan Perorangan | D99: =D100+D101+D102 -> 865907205 | E99: 78479999993 | F99: =+D99/E99*100 -> 1.1033476
C100: Bimbingan Teknis Akreditasi Rumah Sakit | D100: 328753500 | E100: 78479999993 | F100: =+D100/E100*100 -> 0.41890099
C101: Pembinaan Persiapan Akreditasi Rumah Sakit | D101: 281678905 | E101: 78479999993 | F101: =+D101/E101*100 -> 0.35891807
C102: Monitoring dan Evaluasi Pelaksanaan ASPAK dan SIRS Online di Kab/Kota | D102: 255474800 | E102: 78479999993 | F102: =+D102/E102*100 -> 0.32552854
B104: B | C104: KAB/KOTA | D104: =+D105+D126+D162+D179+D214+D254+D290+D323+D346+D359+D381+D403+D412+D433+D462+D469+D506+D522+D529+D561+D578+D603+D624+D643+D657+D675+D687+D717+D734 -> 3.1853822e+11 | E104: 1.5574053e+12 | F104: =D104/D817*100 -> 36.035397
B105: 1 | C105: Kabupaten MERAUKE | D105: =+D106+D122 -> 15377020800 | E105: 4.8495887e+10 | F105: =D105/E105*100 -> 31.707886
C106: Dinas Kesehatan | D106: =SUM(D107+D111+D113+D117+D120) -> 10377020800 | E106: 15377020800 | F106: =+D106/E106*100 -> 67.483949
...

Sheet A.9
B2: REKAPITULASI ALOKASI DAN REALISASI PENGGUNAAN DANA TAMBAHAN INFRASTRUKTUR
B3: DIURAIKAN BERDASARKAN, ORGANISASI, PROGRAM/KEGIATAN
B4: TAHUN ANGGARAN 2019
B6: PROVINSI : PAPUA
B7: PENERIMAAN : Rp 2.824.446.537.000 | F7: Tabel A.9
B9: NO. | C9: U R A I A N | D9: PERMINTAAN PENYALURAN TAHAP I | H9: KET
D10: ALOKASI ANGGARAN (Rp.) | E10: REALISASI ANGGARAN (Rp.) | F10: PROSENTASE REALISASI ANGGARAN (%) | G10: CAPAIAN OUTPUT (%)
B11: (1) | C11: (2) | D11: (3) | E11: (4) | F11: (5) | G11: (6) | H11: (7)
B13: A | C13: PROVINSI | D13: 2824446537000 | E13: =+E14+E18+E144+E177+E188+E203+E210+E214 -> 2.2102055e+12 | F13: =+E13/D13*100 -> 78.252693 | G13: =(G14+G18+G144+G177+G188+G203+G210+G214)/8 -> 69.950846
C14: Rumah Sakit Umum Daerah Jayapura | D14: 5000000000 | E14: 0 | F14: =+E14/D14*100 -> 0 | G14: =+F14 -> 0
C15: Program pengadaan, peningkatan sarana dan prasarana rumah sakit/rumah sakit jiwa/rumah sakit paru-paru/rumah sakit mata | D15: 5000000000 | E15: 0 | F15: =+E15/D15*100 -> 0 | G15: =+F15 -> 0
C16: Pelebaran Dan Pengaspalan Jalan RSUD Jayapura | D16: 5000000000 | E16: 0 | F16: =+E16/D16*100 -> 0 | G16: =+F16 -> 0
C18: Dinas Pekerjaan Umum dan Penataan Ruang | D18: =+D19+D40+D46+D49+D54+D56+D68+D78+D95+D127+D130 -> 1734446537000 | E18: 1.268334e+12 | F18: =+E18/D18*100 -> 73.126152 | G18: =(G19+G40+G46+G49+G54+G56+G68+G78+G95+G127+G130)/11 -> 58.449211
C19: Program Pembangunan Jalan dan Jembatan | D19: =SUM(D20:D39) -> 428345498495 | E19: 3.2986112e+11 | F19: =+E19/D19*100 -> 77.00819 | G19: =SUM((G20:G39))/20 -> 59.250037 | J19: =+#REF!/J13*100 -> #REF!
C20: Pembangunan Jalan Burmeso - Gesa - Barapasi (118), 194,60 Km | D20: 40000000000 | E20: 37996134593 | F20: =+E20/D20*100 -> 94.990336 | G20: 100
C21: Pembangunan Jalan Burmeso - Sikari (119) | D21: 20000000000 | E21: 1.8381719e+10 | F21: =+E21/D21*100 -> 91.908597 | G21: 95
C22: Pembangunan Jalan Keppi - Bade (181) | D22: 21650000000 | E22: 20311387200 | F22: =+E22/D22*100 -> 93.817031 | G22: 95
C23: Pembangunan Jalan Nume - Tiom | D23: 40000000000 | E23: 2.9739174e+10 | F23: =+E23/D23*100 -> 74.347936 | G23: 75
C24: Pembangunan Jalan Mamit -Umagi | D24: 35000000000 | E24: 33250261725 | F24: =+E24/D24*100 -> 95.000748 | G24: =+F24 -> 95.000748
C25: Pembangunan Jalan Arso XIV (Keerom) - Sawia - Kwarja (114) 60 Km | D25: 20000000000 | E25: 1.7578523e+10 | F25: =+E25/D25*100 -> 87.892616 | G25: 90
C26: Pembangunan Jembatan Liba Kampung Harapan Dalam (PON XX) | D26: 6907468000 | E26: 2.0687023e+09 | F26: =+E26/D26*100 -> 29.948779 | G26: 30
C27: Pembangunan Jalan dan Jembatan Prov Papua | D27: 200985188495 | E27: 1.5365147e+11 | F27: =+E27/D27*100 -> 76.44915 | G27: 80
C28: Pembangunan Jembatan Liba II Kampung Harapan Dalam | D28: 3671072000 | E28: 1.7700503e+09 | F28: =+E28/D28*100 -> 48.21617 | G28: 50
C29: Pembangunan Jembatan Yabaso II | D29: 3721072000 | E29: 1.6208709e+09 | F29: =+E29/D29*100 -> 43.559247 | G29: 45
C30: Pembangunan Jembatan Yabaso III | D30: 3821232000 | E30: 1727706000 | F30: =+E30/D30*100 -> 45.213324 | G30: 50
C31: Pembangunan Jembatan Doyo | D31: 634708000 | E31: 500000000 | F31: =+E31/D31*100 -> 78.776382 | G31: 80
C32: Pemasangan Lampu Lighting Art Jembatan Holtekamp | D32: 3821072000 | E32: 0 | F32: =+E32/D32*100 -> 0 | G32: =+F32 -> 0
C33: Pembangunan Jembatan Penyebrangan Orang (JPO) Kab/Kota Jayapura | D33: 3745000000 | E33: 1.7710014e+09 | F33: =+E33/D33*100 -> 47.289756 | G33: 50
C34: Pembangunan Jalan Holtecamp (PLTD) - Pantai Pasir III | D34: 1818090000 | E34: 3.6006063e+08 | F34: =+E34/D34*100 -> 19.804335 | G34: 20
C35: Pembangunan Jalan Buper - Kampung Harapan | D35: 5271072000 | E35: 5000000000 | F35: =+E35/D35*100 -> 94.857365 | G35: 100
C36: Pembangunan Jalan Angkasa Indah | D36: 5271072000 | E36: 2.5490419e+09 | F36: =+E36/D36*100 -> 48.35908 | G36: 50
C37: Pemasangan Lampu Art Ligting Ucapan Selamat PON di Jayapura | D37: 626308000 | E37: 2.8905268e+08 | F37: =+E37/D37*100 -> 46.151842 | G37: 50
C38: Pembangunan Jalan Irimuli - Wanduri - Pilia - Witile | D38: 4326072000 | E38: 1295960850 | F38: =+E38/D38*100 -> 29.956988 | G38: 30
C39: Pembangunan Jalan Tiom - Melagaineri - Jigemili | D39: 7076072000 | E39: 0 | F39: =+E39/D39*100 -> 0 | G39: =+F39 -> 0
C40: Program Pembangunan saluran drainase/gorong-gorong | D40: 58272566000 | E40: 1.8569772e+10 | F40: =+E40/D40*100 -> 31.867092 | G40: =SUM((G41:G45))/5 -> 28
C41: Perencanaan Pembangunan saluran drainase/gorong-gorong | D41: 2200000000 | E41: 961880000 | F41: =+E41/D41*100 -> 43.721818 | G41: 50
C42: Pembangunan Drainase di Provinsi Papua | D42: 49107296000 | E42: 1.6513724e+10 | F42: =+E42/D42*100 -> 33.627841 | G42: 35
C43: Pembangunan Drainase GOR Futsal | D43: 2255090000 | E43: 7.5926683e+08 | F43: =+E43/D43*100 -> 33.669026 | G43: 35
C44: Pembangunan Gorong - Gorong Sekolah Alkitab Muli/Kali Yagawari | D44: 2355090000 | E44: 184952000 | F44: =+E44/D44*100 -> 7.853288 | G44: 10
C45: Pembangunan Gorong - Gorong Gereja Gidi Mulia/Kali Wuyu | D45: 2355090000 | E45: 149950000 | F45: =+E45/D45*100 -> 6.3670603 | G45: 10
C46: Program Pembangunan turap/talud/brojong | D46: =+D47+D48 -> 39873638000 | E46: 3.3723731e+10 | F46: =+E46/D46*100 -> 84.576509 | G46: =SUM((G47:G48))/2 -> 47.5
C47: Pembangunan Talud Permukiman di Kota Jayapura | D47: 38348900000 | E47: 3.3662382e+10 | F47: =+E47/D47*100 -> 87.779264 | G47: 90
C48: Perencanaan Talud Permukiman di Provinsi Papua | D48: 1524738000 | E48: 61349000 | F48: =+E48/D48*100 -> 4.0235765 | G48: 5
C49: Program rehabilitasi/pemeliharaan Jalan dan Jembatan | D49: =SUM(D50:D53) -> 70599634000 | E49: 1.4353089e+10 | F49: =+E49/D49*100 -> 20.330259 | G49: =SUM((G50:G53))/4 -> 60
C50: Pemeliharaan Jalan Wardo - Duber (134) 37,96 Km | D50: 10000000000 | E50: 9555735000 | F50: =+E50/D50*100 -> 95.55735 | G50: 100
C51: Pemeliharaan Jalan dan Jembatan Provinsi Papua | D51: 57551236000 | E51: 3124419433 | F51: =+E51/D51*100 -> 5.4289354 | G51: 10
C52: Pemeliharaan Jalan Okaba - Bian | D52: 2420090000 | E52: 1.1759369e+09 | F52: =+E52/D52*100 -> 48.590626 | G52: 50
C53: Rehabilitasi Jembatan APO | D53: 628308000 | E53: 4.9699723e+08 | F53: =+E53/D53*100 -> 79.100892 | G53: 80
C54: Program penyediaan dan pengolahan air baku | D54: =+D55 -> 986320000 | E54: 590009400 | F54: =+E54/D54*100 -> 59.819268 | G54: 60
C55: Perencanaan Infrastruktur Air Baku di Provinsi Papua | D55: 986320000 | E55: 590009400 | F55: =+E55/D55*100 -> 59.819268 | G55: 60
C56: Program pengembangan kinerja pengelolaan air minum dan air limbah | D56: =SUM(D57:D67) -> 38713976000 | E56: 1.4996901e+10 | F56: =+E56/D56*100 -> 38.737693 | G56: =SUM((G57:G67))/11 -> 32.545455
C57: Pembangunan Jaringan Air Bersih di Kabupaten Jayapura | D57: 8263856000 | E57: 1.8899011e+09 | F57: =+E57/D57*100 -> 22.869483 | G57: 30
C58: Pembangunan Jaringan Air Bersih di Kota Jayapura | D58: 9444644000 | E58: 6.5636537e+09 | F58: =+E58/D58*100 -> 69.496042 | G58: 70
C59: Pembangunan Jaringan Air Bersih di Kabupaten Biak Numfor | D59: 4288096000 | E59: 8.2738284e+08 | F59: =+E59/D59*100 -> 19.294877 | G59: 20
C60: Pembangunan Jaringan Air Bersih di Kabupaten Jayawijaya | D60: 1993448000 | E60: 1067047956 | F60: =+E60/D60*100 -> 53.527755 | G60: 55
C61: Pembangunan Jaringan Air Bersih di Prov. Papua | D61: 5942524000 | E61: 3631379000 | F61: =+E61/D61*100 -> 61.108361 | G61: 65
C62: Pembangunan jaringan air bersih di Stadion Mandala | D62: 568308000 | E62: 2.1354847e+08 | F62: =+E62/D62*100 -> 37.576185 | G62: 40
C63: Pembangunan Jaringan Air Bersih Kali Helak Distrik Napua | D63: 1352436000 | E63: 16864000 | F63: =+E63/D63*100 -> 1.2469352 | G63: 2
C64: Distribusi dan pemasangan Jaringan Air Bersih Kampung Sawarek Distrik Napua | D64: 1352108000 | E64: 0 | F64: =+E64/D64*100 -> 0 | G64: =+F64 -> 0
C65: Rehab Intake Kampwolker dan Pembangunan Jaringan Air Bersih Kampwolker | D65: 3361072000 | E65: 25000000 | F65: =+E65/D65*100 -> 0.74381031 | G65: 1
C66: Perencanaan Jaringan Air Bersih di Provinsi Papua | D66: 1578976000 | E66: 572038000 | F66: =+E66/D66*100 -> 36.228416 | G66: 40
C67: Pembangunan jaringan air bersih di kompleks Lapangan Tennis Walikota | D67: 568508000 | E67: 1.9008591e+08 | F67: =+E67/D67*100 -> 33.435925 | G67: 35
C68: Program pengendalian banjir | D68: =SUM(D69:D77) -> 107792112000 | E68: 5.9106259e+10 | F68: =+E68/D68*100 -> 54.833566 | G68: =SUM((G69:G77))/9 -> 71.666667
C69: Pembangunan prasarana pengaman pantai | D69: 13454928000 | E69: 1.1517516e+10 | F69: =+E69/D69*100 -> 85.600725 | G69: 90
C70: Perencanaan Pengendalian banjir | D70: 1749320000 | E70: 1063191300 | F70: =+E70/D70*100 -> 60.777405 | G70: 60
C71: Pembangunan prasarana pengendali banjir | D71: 63922684000 | E71: 2.3499461e+10 | F71: =+E71/D71*100 -> 36.762318 | G71: 40
C72: Pembangunan Pengendali Banjir Sungai Uwe | D72: 10000000000 | E72: 8.928065e+09 | F72: =+E72/D72*100 -> 89.28065 | G72: 90
C73: Pembangunan Pengendali Banjir Kali Entrop | D73: 5000000000 | E73: 4622628400 | F73: =+E73/D73*100 -> 92.452568 | G73: 95
C74: Perencanaan Pembangunan Pengaman Pantai | D74: 1000000000 | E74: 700180100 | F74: =+E74/D74*100 -> 70.01801 | G74: 70
C75: Pembangunan Prasarana Pengendali Banjir Makanuay (Mendukung PON) | D75: 8000000000 | E75: 6.9080985e+09 | F75: =+E75/D75*100 -> 86.351232 | G75: 90
C76: Pengendalian Banjir Sungai Bambar | D76: 3408072000 | E76: 8.7451941e+08 | F76: =+E76/D76*100 -> 25.660239 | G76: 30
C77: Normalisasi Kali Holima | D77: 1257108000 | E77: 992600000 | F77: =+E77/D77*100 -> 78.959007 | G77: 80
C78: Program pengembangan wilayah strategis dan cepat tumbuh | D78: =SUM(D79:D94) -> 303115286505 | E78: 2.4497862e+11 | F78: =+E78/D78*100 -> 80.820278 | G78: =SUM((G79:G94))/16 -> 52.3125
C79: Penataan Kawasan Wisata Pantai Dok II Kota Jayapura | D79: 10000000000 | E79: 9.1837366e+09 | F79: =+E79/D79*100 -> 91.837366 | G79: 90
C80: Pemeliharaan Sarana Prasarana Lapangan Olahraga Mandala | D80: 80197772000 | E80: 7.9020599e+10 | F80: =+E80/D80*100 -> 98.532162 | G80: 100
C81: Penataan Kawasan Patung Tuhan Yesus | D81: 1498604000 | E81: 703557535 | F81: =+E81/D81*100 -> 46.947528 | G81: 50
C82: Penataan Kawasan Wisata di Kabupaten Mimika (menunjang PON) | D82: 4000000000 | E82: 2.6370867e+09 | F82: =+E82/D82*100 -> 65.927167 | G82: 70
C83: Penataan Kawasan Wisata di Kabupaten Jayawijaya | D83: 26352296000 | E83: 1.5513959e+10 | F83: =+E83/D83*100 -> 58.871376 | G83: 60
C84: Penataan Kawasan Lingkungan di Provinsi Papua | D84: 42858452000 | E84: 2.8763374e+10 | F84: =+E84/D84*100 -> 67.112489 | G84: 70
C85: Rehabilitasi stadion katalpal | D85: 25000000000 | E85: 1.7723992e+10 | F85: =+E85/D85*100 -> 70.895968 | G85: 70
C86: Penyelesaian Hutang (Kewajiban) | D86: 86136868505 | E86: 8.3725074e+10 | F86: =+E86/D86*100 -> 97.200043 | G86: 100
C87: Penataan Kawasan Stadion Pendidikan Wamena | D87: 2900000000 | E87: 2.6380432e+09 | F87: =+E87/D87*100 -> 90.967007 | G87: 90
C88: Pembangunan Lapangan Parkir Mimika Sport Centre dan Rumah Susun Mimika | D88: 2235072000 | E88: 0 | F88: =+E88/D88*100 -> 0 | G88: =+F88 -> 0
C89: Penataan Lingkungan Penunjang GOR Keerom | D89: 3018090000 | E89: 1.9551079e+09 | F89: =+E89/D89*100 -> 64.779641 | G89: 70
C90: Penataan Lingkungan Penunjang Stadion Katalpal | D90: 3401072000 | E90: 0 | F90: =+E90/D90*100 -> 0 | G90: =+F90 -> 0
C91: Penanaman rumput Lapangan Stadion Katalpal | D91: 1644590000 | E91: 0 | F91: =+E91/D91*100 -> 0 | G91: =+F91 -> 0
C92: Pembangunan Gapura Jalan Masuk Ring Road | D92: 2418090000 | E92: 8.9694801e+08 | F92: =+E92/D92*100 -> 37.093243 | G92: 40
C93: Penataan Kawasan Gereja Baptis Walibhu Kehiran Sentani | D93: 2693090000 | E93: 34000000 | F93: =+E93/D93*100 -> 1.2624903 | G93: 2
C94: Perencanaan Teknis Bidang KePUan | D94: 8761290000 | E94: 2183139000 | F94: =+E94/D94*100 -> 24.918009 | G94: 25 | J94: =594673648000-D95 -> 0
C95: Peningkatan Jalan dan Jembatan | D95: =SUM(D96:D126) -> 594673648000 | E95: =SUM(E96:E126) -> 4.7665877e+11 | F95: =+E95/D95*100 -> 80.154681 | G95: =SUM((G96:G126))/30 -> 69.166667
C96: Peningkatan Jalan Kuprik - Jagebob - Erambu (183) | D96: 10000000000 | E96: 9.5516878e+09 | F96: =+E96/D96*100 -> 95.516878 | G96: 100
C97: Peningkatan Jalan Hamadi - Entrop (102) | D97: 12950000000 | E97: 1.2151249e+10 | F97: =+E97/D97*100 -> 93.832041 | G97: 100
C98: Peningkatan Jalan Tiom, (Lanny Jaya) - Illu ( Puncak Jaya), (163) | D98: 40000000000 | E98: 3.7609501e+10 | F98: =+E98/D98*100 -> 94.023752 | G98: 100
C99: Peningkatan Jalan Sisingamangaraja 2 Jalur | D99: 3000000000 | E99: 2.8548927e+09 | F99: =+E99/D99*100 -> 95.163091 | G99: 100
C100: Peningkatan Jalan Sewan - Petam | D100: 10000000000 | E100: 9.1890083e+09 | F100: =+E100/D100*100 -> 91.890083 | G100: 100
C101: Peningkatan Jalan Sultan Peternakan (Mendukung PON XX) | D101: 10000000000 | E101: 9.6092847e+09 | F101: =+E101/D101*100 -> 96.092847 | G101: 100
C102: Peningkatan Jalan Taja - SP V - Kwarja | D102: 30000000000 | E102: 28012142295 | F102: =+E102/D102*100 -> 93.373808 | G102: 100
C103: Peningkatan Jalan Masuk Stadion Katapal (PON XX) | D103: 3000000000 | E103: 2.8469285e+09 | F103: =+E103/D103*100 -> 94.897617 | G103: 100
C104: Peningkatan Jalan Poros SP V - SP II (PON XX) | D104: 5276072000
C105: Peningkatan Jalan Diponegoro (PON XX) | D105: 4000000000 | E105: 3.4520761e+09 | F105: =+E105/D105*100 -> 86.301901 | G105: 90
...

Sheet A.10
B2: REKAPITULASI ALOKASI DAN REALISASI PENGGUNAAN DANA TAMBAHAN INFRASTRUKTUR
B3: DIURAIKAN BERDASARKAN, ORGANISASI, PROGRAM/KEGIATAN
B4: TAHUN ANGGARAN 2020
B6: PROVINSI : PAPUA
B7: PENERIMAAN : Rp 2.853.973.800.000 | M7: Tabel A.10
B9: NO. | C9: U R A I A N | D9: PERMINTAAN PENYALURAN TAHAP I | G9: PERMINTAAN PENYALURAN TAHAP II | K9: PERMINTAAN PENYALURAN TAHAP III | O9: KET
D10: ALOKASI ANGGARAN (Rp.) | F10: PROSENTASE ALOKASI ANGGARAN (%) | G10: ALOKASI ANGGARAN (Rp.) | H10: REALISASI ANGGARAN (Rp.) | I10: PROSENTASE REALISASI ANGGARAN (%) | J10: CAPAIAN OUTPUT (%) | K10: ALOKASI ANGGARAN (Rp.) | L10: REALISASI ANGGARAN (Rp.) | M10: PROSENTASE REALISASI ANGGARAN (%) | N10: CAPAIAN OUTPUT (%)
B11: (1) | C11: (2) | D11: (3) | F11: (4) | G11: (5) | H11: (6) | I11: (7) | J11: (8) | K11: (9) | L11: (10) | M11: (11) | N11: (12) | O11: (13)
B12: A | C12: PROVINSI | D12: =+D13+D17+D21+D127+D153 -> 2711275076000 | E12: 2853973800000 | F12: =D12/E12*100 -> 94.999999
C13: Rumah Sakit Umum Daerah Jayapura | D13: =+D14 -> 45239040000 | E13: 2853973800000 | F13: =D13/E13*100 -> 1.5851246
C14: Program pengadaan, peningkatan sarana dan prasarana rumah sakit/rumah sakit jiwa/rumah sakit paru-paru/rumah sakit mata | D14: 45239040000 | E14: 2853973800000 | F14: =D14/E14*100 -> 1.5851246
C15: Pembangunan Gedung Jantung Terpadu | D15: 45239040000 | E15: 2853973800000 | F15: =D15/E15*100 -> 1.5851246
E16: 2853973800000
C17: Rumah Sakit Jiwa | D17: =+D18 -> 4000000000 | E17: 2853973800000 | F17: =D17/E17*100 -> 0.14015546
C18: Program pengadaan, peningkatan sarana dan prasarana rumah sakit/rumah sakit jiwa/rumah sakit paru-paru/rumah sakit mata | D18: 4000000000 | E18: 2853973800000 | F18: =D18/E18*100 -> 0.14015546
C19: Pembangunan rumah sakit | D19: 4000000000 | E19: 2853973800000 | F19: =D19/E19*100 -> 0.14015546
E20: 2853973800000
C21: Dinas Pekerjaan Umum, Penataan Ruang, Perumahan dan Kawasan Permukiman | D21: =+D22+D52+D54+D56+D60+D63+D70+D73+D86+D88+D118+D121 -> 970860814488 | E21: 2853973800000 | F21: =D21/E21*100 -> 34.01786
C22: Program Pembangunan Jalan dan Jembatan | D22: 308308132690 | E22: 2853973800000 | F22: =D22/E22*100 -> 10.802767
C23: Pembangunan Jalan Burmeso - Gesa - Barapasi (118), 194,60 Km | D23: 10022315056 | E23: 2853973800000 | F23: =D23/E23*100 -> 0.35117053
C24: Pembangunan Jalan Karubaga - Wunim - Bokondini (154) | D24: 5212119056 | E24: 2853973800000 | F24: =D24/E24*100 -> 0.18262673
C25: Pembangunan Jalan Kobakma - Megambilis (120), 112 Km | D25: 15034590056 | E25: 2853973800000 | F25: =D25/E25*100 -> 0.52679496
C26: Pembangunan Jalan Nume - Tiom | D26: 15034590056 | E26: 2853973800000 | F26: =D26/E26*100 -> 0.52679496
C27: Pembangunan Jalan Panaga - Taive | D27: 20003970406 | E27: 2853973800000 | F27: =D27/E27*100 -> 0.7009164
C28: Pembangunan Jalan Muliama-Wame-Makki | D28: 10025315056 | E28: 2853973800000 | F28: =D28/E28*100 -> 0.35127565
C29: Pembangunan Jalan Lingkar Danau Tigi | D29: 10001483146 | E29: 2853973800000 | F29: =D29/E29*100 -> 0.35044061
C30: Pembangunan Jalan Elelim (Yalimo) - Apalapsili - Anggruk (Yahukimo) | D30: 10022315056 | E30: 2853973800000 | F30: =D30/E30*100 -> 0.35117053
C31: Pembangunan Jalan Oksibil - Tarup - Denomngatupbin | D31: 10025315056 | E31: 2853973800000 | F31: =D31/E31*100 -> 0.35127565
C32: Pembangunan Jembatan Liba II Kampung Harapan Dalam | D32: 14050972146 | E32: 2853973800000 | F32: =D32/E32*100 -> 0.4923301
C33: Pembangunan Jembatan Yabaso II | D33: 9993597146 | E33: 2853973800000 | F33: =D33/E33*100 -> 0.35016429
... C125: Pelatihan Ketrampilan Tenaga Kerja Konstruksi dengn Mobile Traning Unit (MTU) | D125: 344337312 | E125: 2853973800000 | F125: =D125/E125*100 -> 0.012065188
E126: 2853973800000
C127: Dinas Perhubungan | D127: =+D128+D133+D135+D143+D149 -> 50000000000 | E127: 2853973800000 | F127: =D127/E127*100 -> 1.7519432
C128: Program Pembangunan Prasarana dan Fasilitas Perhubungan | D128: 5350000000 | E128: 2853973800000 | F128: =D128/E128*100 -> 0.18745792
C129: Penyusunan Master Plan dan RTT Sisi Udara, Sisi Darat Bandar Udara Bogabaida di Kabupaten Paniai | D129: 2500000000 | E129: 2853973800000 | F129: =D129/E129*100 -> 0.08759716
C130: Review Tataran Transportasi Wilayah (Tatrawil) Provinsi Papua | D130: 1200000000 | E130: 2853973800000 | F130: =D130/E130*100 -> 0.042046637
C131: Penyusunan UKL/UPL Pembangunan Bandara Fawi di Kabupaten Puncak Jaya | D131: 750000000 | E131: 2853973800000 | F131: =D131/E131*100 -> 0.026279148
C132: Studi Pemilihan Lokasi dan Kelayakan Pelabuhan Perintis | D132: 900000000 | E132: 2853973800000 | F132: =D132/E132*100 -> 0.031534978
C133: Program Rehabilitasi dan Pemeliharaan Prasarana dan Fasilitas LLAJ | D133: 3894000000 | E133: 2853973800000 | F133: =D133/E133*100 -> 0.13644134
C134: Rehabilitasi/Pemeliharaan Lampu APILL | D134: 3894000000 | E134: 2853973800000 | F134: =D134/E134*100 -> 0.13644134
C135: Program Pembangunan Sarana dan Prasarana Perhubungan | D135: 27783925000 | E135: 2853973800000 | F135: =D135/E135*100 -> 0.97351717
C136: Pembangunan Pelabuhan Perintis Ampimoi di Kabupaten Kepulauan Yapen | D136: 3000000000 | E136: 2853973800000 | F136: =D136/E136*100 -> 0.10511659
C137: Pembangunan Bandar Udara Mamit di Kabupaten Tolikara | D137: 6500000000 | E137: 2853973800000 | F137: =D137/E137*100 -> 0.22775262
C138: Pembangunan Terminal Penumpang Tipe B di Kabupaten Nabire | D138: 2994925000 | E138: 2853973800000 | F138: =D138/E138*100 -> 0.10493877
C139: Pembangunan Bandar Udara Ninia di Kabupaten Yahukimo | D139: 2500000000 | E139: 2853973800000 | F139: =D139/E139*100 -> 0.08759716
... C150: Penyusunan PEP RAD-GRK dan Inventarisasi Emisi GRK sektor Transportasi | D150: 123300000 | E150: 2853973800000 | F150: =D150/E150*100 -> 0.0043202919
E151: 2853973800000
C152: Badan Pengelolaan Keuangan dan Asset Daerah | D152: =+D153 -> 1641175221512 | E152: 2853973800000 | F152: =D152/E152*100 -> 57.504915
C153: Satuan Kerja Pengelola Keuangan Daerah | D153: =+D154 -> 1641175221512 | E153: 2853973800000 | F153: =D153/E153*100 -> 57.504915
C154: BELANJA TIDAK LANGSUNG | D154: =+D155 -> 1641175221512 | E154: 2853973800000 | F154: =D154/E154*100 -> 57.504915
C155: Non Program | D155: =+D156 -> 1641175221512 | E155: 2853973800000 | F155: =D155/E155*100 -> 57.504915
C156: Non Kegiatan | D156: =+D157+D160 -> 1641175221512 | E156: 2853973800000 | F156: =D156/E156*100 -> 57.504915
C157: Belanja Hibah | D157: =+D158 -> 1234483960112 | E157: 2853973800000 | F157: =D157/E157*100 -> 43.254916
C158: Belanja Hibah kepada Badan/Lembaga/Organisasi | D158: =+D159 -> 1234483960112 | E158: 2853973800000 | F158: =D158/E158*100 -> 43.254916
C159: Hibah Kepada Badan/Lembaga/Organisasi | D159: 1234483960112 | E159: 2853973800000 | F159: =D159/E159*100 -> 43.254916
C160: Belanja Bantuan Keuangan kepada Provinsi/Kabupaten/Kota, Pemerintahan Kampung dan Partai Politik | D160: =+D161 -> 406691261400 | E160: 2853973800000 | F160: =D160/E160*100 -> 14.25
C161: Belanja Bantuan Khusus Infrastruktur | D161: =+D162 -> 406691261400 | E161: 2853973800000 | F161: =D161/E161*100 -> 14.25
C162: Belanja Bantuan Khusus Infrastruktur | D162: 406691261400 | E162: 2853973800000 | F162: =D162/E162*100 -> 14.25
C163: JUMLAH | D163: =+D12 -> 2711275076000 | E163: 2853973800000 | F163: =D163/D163*100 -> 100
E165: =+E163-D163 -> 142698724000
